 Dungeon Crawl Stone Soup version 0.29.0-4-gdea44cf6ec (webtiles) character file.

Game seed: 1700300124730235367

10116 qw the Brawler (level 11, 105/105 HPs)
             Began as a Troll Cinder Acolyte on Aug 30, 2022.
             Was an Initiate of Ignis.
             Quit the game on level 1 of the Lair of Beasts.
             The game lasted 00:10:05 (9471 turns).

qw the Brawler (Troll Cinder Acolyte)               Turns: 9471, Time: 00:10:06

Health: 105/105    AC:  7    Str: 34    XL:     11   Next: 31%
Magic:  11/11      EV:  9    Int: 10    God:    Ignis [......]
Gold:   918        SH:  0    Dex:  5    Spells: 12/12 levels left

rFire   + + .      SeeInvis .     - Unarmed
rCold   . . .      Faith    .   (no shield)
rNeg    . . .      Spirit   .   o - +0 steam dragon scales
rPois   .          Reflect  .   (helmet restricted)
rElec   .          Harm     .   (no cloak)
rCorr   .          Rampage  .   (gloves unavailable)
Will    .....                   (boots unavailable)
Stlth   +.........              (no amulet)
HPRegen 1.07/turn               f - +6 ring of strength
MPRegen 0.12/turn               l - ring of protection from fire

@: no status effects
A: large, unfitting armour, claws 3, regeneration 1, shaggy fur 1, tough skin 1
a: Renounce Religion, Rising Flame


You were on level 1 of the Lair of Beasts.
You worshipped Ignis.
Ignis was noncommittal.
You visited 2 branches of the dungeon, and saw 10 of its levels.

You collected 918 gold pieces.


Innate Abilities, Weirdness & Mutations

You are too large for most types of armour.
You have claws for hands.
Your natural rate of healing is unusually fast.
You are covered in fur. (AC +1)
You have tough skin. (AC +1)


   Skills:
 - Level 6.1 Fighting
 - Level 6.0 Throwing
 + Level 1.3 Armour
 - Level 1.4 Dodging
 - Level 15.0 Unarmed Combat
 - Level 1.0 Spellcasting
 - Level 2.1 Fire Magic


You had 12 spell levels left.
You didn't know any spells.
Your spell library contained the following spells:

 Spells                   Type           Power      Damage    Failure   Level
 Scorch                   Fire           8%         2d5       22%         2

Inventory:

Missiles
 a - a silver boomerang
 b - 12 boomerangs
 h - 3 large rocks (quivered)
 p - 4 javelins
Armour
 o - +0 steam dragon scales (worn)
Jewellery
 f - a +6 ring of strength (left claw)
 l - a ring of protection from fire (right claw)
 n - a ring of willpower
Wands
 j - a wand of digging (4)
Scrolls
 e - 8 scrolls of identify
Potions
 c - 2 potions of haste
 i - 2 potions of mutation
 k - 2 potions of curing
 m - 3 potions of might

Dungeon Overview and Level Annotations

Branches:
Dungeon (9/15)             Temple (0/1) D:7            Lair (1/5) D:9
    Orc: D:9-12

Altars:
Ashenzari
Dithmenos
Elyvilon
Fedhas
Hepliaklqana
Makhleb
Okawaru
Qazlal
Ru
Trog
Vehumet
Wu Jian
Xom
Zin
The Shining One

Shops:
D:5 :

Annotations:
D:6 1 runed translucent door, Crazy Yiuf


Message History

9432 ||| Stepping randomly (stuck).
9433 ||| Stepping randomly (stuck).
9434 ||| Stepping randomly (stuck).
9435 ||| Stepping randomly (stuck).
9436 ||| Stepping randomly (stuck).
9437 ||| Stepping randomly (stuck).
9438 ||| Stepping randomly (stuck).
9439 ||| Stepping randomly (stuck).
9440 ||| Stepping randomly (stuck).
9441 ||| Stepping randomly (stuck).
9442 ||| Stepping randomly (stuck).
9443 ||| Stepping randomly (stuck).
9444 ||| Stepping randomly (stuck).
9445 ||| Stepping randomly (stuck).
9446 ||| Stepping randomly (stuck).
9447 ||| Stepping randomly (stuck).
9448 ||| Stepping randomly (stuck).
9449 ||| Stepping randomly (stuck).
9450 ||| Stepping randomly (stuck).
9451 ||| Stepping randomly (stuck).
9452 ||| Stepping randomly (stuck).
9453 ||| Stepping randomly (stuck).
9454 ||| Stepping randomly (stuck).
9455 ||| Stepping randomly (stuck).
9456 ||| Stepping randomly (stuck).
9457 ||| Stepping randomly (stuck).
9458 ||| Stepping randomly (stuck).
9459 ||| Stepping randomly (stuck).
9460 ||| Stepping randomly (stuck).
9461 ||| Stepping randomly (stuck).
9462 ||| Stepping randomly (stuck).
9463 ||| Stepping randomly (stuck).
9464 ||| Stepping randomly (stuck).
9465 ||| Stepping randomly (stuck).
9466 ||| Stepping randomly (stuck).
9467 ||| Stepping randomly (stuck).
9468 ||| Stepping randomly (stuck).
9469 ||| Stepping randomly (stuck).
9470 ||| Stepping randomly (stuck).
Are you sure you want to abandon this character and quit the game? (Confirm with "yes".)

.#............#...## #...#
##..#
##............#...####..##
#....
........P..........#.#..#
#####
....................##..#
.................#...#..##
..................)......#
...P............#...###..#
...P............#P..###..#
................@........#
................#...##.#.#
................##..####.#
........b......#....# #.##
....................# #..#
................###.# #.##
....PPP........###..#
##.## .##..........###
##.###...## ..#..........#
#.##.....###


There were no monsters in sight!

Vanquished Creatures
  A two-headed ogre (D:9)
  A catoblepas (Lair:1)
  Erica (D:8)
  Pikel (D:8)
  A black mamba (Lair:1)
  A cane toad (Lair:1)
  Maggie (D:6)
  A troll (D:9)
  2 hornets (D:8)
  Grinder (D:5)
  A wyvern (D:9)
  4 yaks (D:9)
  Grum (D:8)
  A steam dragon (D:7)
  Menkaure (D:5)
  3 water moccasins
  Duvessa (D:6)
  9 orc warriors
  2 sky beasts (D:7)
  5 ogres
  A black bear (D:4)
  3 centaurs (D:9)
  9 wolves
  3 phantoms
  A lemure (D:8)
  3 bullfrogs
  A gnoll sergeant (D:9)
  2 scorpions
  A necrophage (D:7)
  Dowan (D:6)
  3 killer bees (D:8)
  A howler monkey (D:9)
  A crimson imp (D:9)
  2 jellies
  8 hounds
  A gnoll bouda (D:6)
  8 orc priests
  Terence (D:2)
  Jessica (D:3)
  2 iguanas (D:6)
  10 orc wizards
  A mummy (D:4)
  15 gnolls
  6 adders
  A shadow imp (D:6)
  4 white imps
  An ufetubus (D:6)
  2 worms (D:2)
  3 dart slugs
  48 orcs
  6 endoplasms
  3 giant cockroaches
  3 hobgoblins
  13 jackals
  4 quokkas
  A ball python (D:3)
  3 bats
  5 frilled lizards
  9 goblins
  A hobgoblin zombie (D:4)
  9 kobolds
  2 kobold zombies (D:4)
  An orc zombie (D:4)
  6 rats
249 creatures vanquished.

Vanquished Creatures (others)
  A plant (Lair:1)
1 creature vanquished.

Grand Total: 250 creatures vanquished

Notes
Turn   | Place    | Note
-------+----------+-------------------------------------------
     0 | D:1      | qw the Troll Cinder Acolyte began the quest for the Orb.
     0 | D:1      | Reached XP level 1. HP: 22/22 MP: 1/1
     0 | D:1      | 0 ||| qw: Version: 0.1-a-95-gae9e614
     0 | D:1      | 0 ||| qw: Game counter: 4393
     0 | D:1      | 0 ||| qw: Always use a shield: true
     0 | D:1      | 0 ||| qw: God list: Okawaru
     0 | D:1      | 0 ||| qw: Allow faded altars: false
     0 | D:1      | 0 ||| qw: Do Orc after D:15 true
     0 | D:1      | 0 ||| qw: Do second Lair branch before Depths: true
     0 | D:1      | 0 ||| qw: Lair rune preference: random
     0 | D:1      | 0 ||| qw: Plans: Normal
     0 | D:1      | 0 ||| PLANNING D:1-11
    27 | D:1      | 27 ||| Stepping randomly (stuck).
    28 | D:1      | 28 ||| Stepping randomly (stuck).
   119 | D:1      | Found a faded altar of an unknown god.
   143 | D:1      | Reached XP level 2. HP: 29/29 MP: 2/2
   556 | D:1      | 556 ||| READING scroll labelled BUREDAU UTION.
   557 | D:1      | 557 ||| READING 4 scrolls labelled PUNNOEF APUI.
   558 | D:1      | 558 ||| READING scroll labelled LOACOI KINNA.
   559 | D:1      | 559 ||| READING scroll labelled INI GILECVOCUSM.
   560 | D:1      | 560 ||| READING scroll labelled HUN BO YGHUNT.
   561 | D:1      | 561 ||| READING 3 scrolls labelled FIEDAZ DENN.
   562 | D:1      | 562 ||| READING 3 scrolls of identify.
   562 | D:1      | 562 ||| IDENTIFYING yellow potion
   563 | D:1      | 563 ||| READING 2 scrolls of identify.
   563 | D:1      | 563 ||| IDENTIFYING metallic dark potion
   564 | D:1      | 564 ||| DROPPING 2 scrolls of amnesia.
   638 | D:2      | 638 ||| Stepping ~*~*~tactically~*~*~ (stealth).
   645 | D:2      | Reached skill level 4 in Unarmed Combat
   701 | D:2      | Reached XP level 3. HP: 34/36 MP: 3/3
   819 | D:2      | 819 ||| Stepping ~*~*~tactically~*~*~ (stealth).
   824 | D:2      | 824 ||| Stepping ~*~*~tactically~*~*~ (outnumbered).
   826 | D:2      | 826 ||| Stepping ~*~*~tactically~*~*~ (outnumbered).
   935 | D:2      | Found a white marble altar of Elyvilon.
   940 | D:2      | Noticed Terence
   946 | D:2      | Killed Terence
   947 | D:2      | Reached skill level 5 in Unarmed Combat
   947 | D:2      | Reached XP level 4. HP: 27/44 MP: 4/4
  1129 | D:2      | You fall into a shaft and drop 2 floors!
  1130 | D:4      | 1130 ||| DROPPING ring of flight.
  1131 | D:4      | 1131 ||| READING 3 scrolls labelled MYISER URIDEN.
  1232 | D:4      | 1232 ||| READING 2 scrolls of identify.
  1232 | D:4      | 1232 ||| IDENTIFYING white potion
  1233 | D:4      | 1233 ||| DROPPING potion of flight.
  1234 | D:4      | 1234 ||| DROPPING 2 scrolls of silence.
  1712 | D:2      | 1712 ||| DRINKING 2 amethyst potions.
  1713 | D:2      | 1713 ||| DROPPING potion of degeneration.
  1751 | D:3      | 1751 ||| Stepping ~*~*~tactically~*~*~ (hiding).
  1777 | D:3      | 1777 ||| Stepping ~*~*~tactically~*~*~ (stealth).
  1781 | D:3      | 1781 ||| Stepping ~*~*~tactically~*~*~ (stealth).
  1782 | D:3      | 1782 ||| Stepping ~*~*~tactically~*~*~ (stealth).
  1908 | D:3      | Noticed an ogre
  1918 | D:3      | 1918 ||| INVOKING Fiery Armour.
  1919 | D:3      | Killed an ogre
  1920 | D:3      | Reached skill level 6 in Unarmed Combat
  1920 | D:3      | Reached XP level 5. HP: 22/50 MP: 5/5
  2039 | D:3      | Found a bloodstained altar of Trog.
  2053 | D:3      | 2053 ||| Stepping ~*~*~tactically~*~*~ (stealth).
  2163 | D:3      | Noticed Jessica
  2164 | D:3      | Killed Jessica
  2188 | D:3      | 2188 ||| Stepping ~*~*~tactically~*~*~ (stealth).
  2189 | D:3      | 2189 ||| Stepping ~*~*~tactically~*~*~ (stealth).
  2190 | D:3      | 2190 ||| Stepping ~*~*~tactically~*~*~ (stealth).
  2192 | D:3      | 2192 ||| INVOKING Fiery Armour.
  2200 | D:3      | Reached XP level 6. HP: 56/59 MP: 6/6
  2222 | D:3      | 2222 ||| Stepping ~*~*~tactically~*~*~ (hiding).
  2236 | D:3      | Reached skill level 7 in Unarmed Combat
  2526 | D:3      | 2526 ||| UPGRADING to +6 ring of strength.
  2527 | D:3      | 2527 ||| READING scroll labelled ANUGES XEMA.
  2546 | D:4      | Found a blossoming altar of Fedhas.
  2547 | D:4      | 2547 ||| INVOKING Fiery Armour.
  2549 | D:4      | 2549 ||| STAIRDANCE
  2554 | D:4      | 2554 ||| STAIRDANCE
  2564 | D:4      | 2564 ||| STAIRDANCE
  2744 | D:4      | Reached skill level 8 in Unarmed Combat
  2744 | D:4      | Reached XP level 7. HP: 66/66 MP: 7/7
  2839 | D:4      | Found a broken altar of Ashenzari.
  2869 | D:4      | Found a glowing silver altar of Zin.
  2886 | D:4      | Found a hazy altar of Hepliaklqana.
  3155 | D:4      | Reached skill level 1 in Throwing
  3358 | D:4      | 3358 ||| READING 3 scrolls labelled PALLYQ CEPT.
  3362 | D:4      | 3362 ||| READING scroll labelled URAIB EFIOT.
  3363 | D:4      | 3363 ||| READING scroll labelled PEEDIN ORGHYAPH.
  3364 | D:4      | 3364 ||| DRINKING 2 golden potions.
  3365 | D:4      | 3365 ||| READING 3 scrolls of identify.
  3365 | D:4      | 3365 ||| IDENTIFYING sapphire potion
  3366 | D:4      | 3366 ||| READING 2 scrolls of identify.
  3366 | D:4      | 3366 ||| IDENTIFYING puce potion
  3367 | D:4      | 3367 ||| DROPPING potion of invisibility.
  3368 | D:4      | 3368 ||| READING 2 scrolls of teleportation.
  3376 | D:5      | Entered Level 5 of the Dungeon
  3450 | D:5      | Reached skill level 3 in Fighting
  3487 | D:5      | Noticed Menkaure
  3488 | D:5      | 3488 ||| FLEEEEING.
  3501 | D:5      | 3501 ||| FLEEEEING.
  3502 | D:5      | 3502 ||| FLEEEEING.
  3503 | D:5      | 3503 ||| FLEEEEING.
  3517 | D:5      | 3517 ||| Stepping ~*~*~tactically~*~*~ (hiding).
  3525 | D:5      | Killed Menkaure
  3526 | D:5      | Reached skill level 3 in Throwing
  3667 | D:5      | Noticed Grinder
  3673 | D:5      | Killed Grinder
  3674 | D:5      | Reached XP level 8. HP: 63/75 MP: 8/8
  3706 | D:5      | Reached skill level 9 in Unarmed Combat
  3762 | D:5      | Found Hiddog's Book Shop.
  3772 | D:5      | 3772 ||| READING 3 scrolls of identify.
  3772 | D:5      | 3772 ||| IDENTIFYING grey potion
  3783 | D:5      | 3783 ||| Stepping ~*~*~tactically~*~*~ (stealth).
  3788 | D:5      | 3788 ||| INVOKING Fiery Armour.
  3789 | D:5      | Reached skill level 1 in Dodging
  3792 | D:5      | HP: 16/75 [white imp/puff of frost (7)]
  3793 | D:5      | 3793 ||| READING scroll of teleportation.
  3794 | D:5      | 3794 ||| DRINKING 2 potions of heal wounds.
  3880 | D:5      | 3880 ||| Stepping ~*~*~tactically~*~*~ (stealth).
  4059 | D:5      | 4059 ||| UPGRADING to ring of protection from fire.
  4060 | D:5      | 4060 ||| DROPPING potion of attraction.
  4087 | D:6      | 4087 ||| Stepping ~*~*~tactically~*~*~ (hiding).
  4089 | D:6      | 4089 ||| Stepping ~*~*~tactically~*~*~ (hiding).
  4091 | D:6      | 4091 ||| Stepping ~*~*~tactically~*~*~ (hiding).
  4092 | D:6      | 4092 ||| Stepping ~*~*~tactically~*~*~ (hiding).
  4107 | D:6      | 4107 ||| INVOKING Fiery Armour.
  4109 | D:6      | Reached skill level 10 in Unarmed Combat
  4290 | D:6      | Noticed Dowan
  4290 | D:6      | Noticed Duvessa
  4291 | D:6      | 4291 ||| INVOKING Fiery Armour.
  4294 | D:6      | Killed Duvessa
  4296 | D:6      | Killed Dowan
  4324 | D:6      | Reached XP level 9. HP: 84/84 MP: 9/9
  4324 | D:6      | 4324 ||| Stepping ~*~*~tactically~*~*~ (stealth).
  4339 | D:6      | Noticed Maggie
  4340 | D:6      | 4340 ||| Stepping ~*~*~tactically~*~*~ (outnumbered).
  4357 | D:6      | Killed Maggie
  4358 | D:6      | Reached skill level 11 in Unarmed Combat
  4443 | D:6      | 4443 ||| Stepping ~*~*~tactically~*~*~ (hiding).
  4644 | D:6      | Identified the +8 dagger "Yqavvem" {freeze, rElec Str+8}
  4698 | D:6      | Found a stormy altar of Qazlal.
  4836 | D:6      | Found a runed translucent door.
  4837 | D:6      | Noticed Crazy Yiuf
  4840 | D:6      | 4840 ||| UPGRADING to +0 steam dragon scales.
  4850 | D:6      | 4850 ||| DROPPING +0 robe.
  4851 | D:6      | 4851 ||| READING 5 scrolls of identify.
  4851 | D:6      | 4851 ||| IDENTIFYING smoky amethyst potion
  4852 | D:6      | 4852 ||| DROPPING potion of ambrosia.
  4995 | D:7      | Found a shimmering altar of Xom.
  4995 | D:7      | Found a glowing golden altar of the Shining One.
  4995 | D:7      | Found a shadowy altar of Dithmenos.
  5016 | D:7      | 5016 ||| Stepping ~*~*~tactically~*~*~ (hiding).
  5095 | D:7      | Found a staircase to the Ecumenical Temple.
  5098 | D:7      | 5098 ||| Stepping ~*~*~tactically~*~*~ (hiding).
  5105 | D:7      | Reached skill level 1 in Armour
  5105 | D:7      | 5105 ||| Stepping ~*~*~tactically~*~*~ (hiding).
  5226 | D:7      | 5226 ||| Stepping ~*~*~tactically~*~*~ (hiding).
  5235 | D:7      | 5235 ||| Stepping ~*~*~tactically~*~*~ (stealth).
  5346 | D:7      | 5346 ||| Stepping ~*~*~tactically~*~*~ (hiding).
  5602 | D:7      | 5602 ||| READING scroll labelled CAROENGOXA.
  5603 | D:7      | 5603 ||| READING scroll labelled IDIEST AVVOKO.
  5649 | D:8      | Found a flagged portal.
  5651 | D:8      | 5651 ||| INVOKING Fiery Armour.
  5651 | D:8      | Noticed Grum
  5652 | D:8      | 5652 ||| Stepping ~*~*~tactically~*~*~ (outnumbered).
  5654 | D:8      | 5654 ||| Stepping ~*~*~tactically~*~*~ (outnumbered).
  5656 | D:8      | 5656 ||| Stepping ~*~*~tactically~*~*~ (outnumbered).
  5657 | D:8      | 5657 ||| STAIRDANCE
  5662 | D:7      | Reached skill level 12 in Unarmed Combat
  5665 | D:8      | 5665 ||| STAIRDANCE
  5683 | D:8      | 5683 ||| Stepping ~*~*~tactically~*~*~ (outnumbered).
  5685 | D:8      | 5685 ||| Stepping ~*~*~tactically~*~*~ (outnumbered).
  5686 | D:8      | 5686 ||| STAIRDANCE
  5697 | D:8      | 5697 ||| Stepping ~*~*~tactically~*~*~ (outnumbered).
  5699 | D:8      | 5699 ||| Stepping ~*~*~tactically~*~*~ (outnumbered).
  5701 | D:8      | 5701 ||| Stepping ~*~*~tactically~*~*~ (outnumbered).
  5705 | D:8      | Killed Grum
  5706 | D:8      | 5706 ||| FLEEEEING.
  5707 | D:8      | 5707 ||| FLEEEEING.
  5773 | D:8      | 5773 ||| Stepping ~*~*~tactically~*~*~ (hiding).
  5780 | D:8      | 5780 ||| Stepping ~*~*~tactically~*~*~ (hiding).
  5785 | D:8      | 5785 ||| Stepping ~*~*~tactically~*~*~ (stealth).
  5923 | D:8      | Noticed Erica
  5924 | D:8      | 5924 ||| Stepping ~*~*~tactically~*~*~ (hiding).
  5927 | D:8      | 5927 ||| Stepping ~*~*~tactically~*~*~ (hiding).
  5929 | D:8      | 5929 ||| INVOKING Fiery Armour.
  5938 | D:8      | Killed Erica
  5939 | D:8      | Reached XP level 10. HP: 49/96 MP: 10/10
  6060 | D:8      | Found a sacrificial altar of Ru.
  6061 | D:8      | 6061 ||| Stepping ~*~*~tactically~*~*~ (stealth).
  6471 | D:8      | Noticed Pikel
  6473 | D:8      | 6473 ||| Stepping ~*~*~tactically~*~*~ (stealth).
  6477 | D:8      | 6477 ||| Stepping ~*~*~tactically~*~*~ (outnumbered).
  6478 | D:8      | 6478 ||| Stepping ~*~*~tactically~*~*~ (outnumbered).
  6479 | D:8      | 6479 ||| Stepping ~*~*~tactically~*~*~ (outnumbered).
  6486 | D:8      | Killed Pikel
  6698 | D:8      | 6698 ||| Stepping ~*~*~tactically~*~*~ (stealth).
  6706 | D:8      | 6706 ||| Stepping ~*~*~tactically~*~*~ (hiding).
  6718 | D:8      | Reached skill level 13 in Unarmed Combat
  6726 | D:8      | 6726 ||| Stepping ~*~*~tactically~*~*~ (stealth).
  6743 | D:8      | 6743 ||| FLEEEEING.
  6744 | D:8      | 6744 ||| FLEEEEING.
  6745 | D:8      | 6745 ||| FLEEEEING.
  6746 | D:8      | 6746 ||| FLEEEEING.
  6747 | D:8      | 6747 ||| FLEEEEING.
  6748 | D:8      | 6748 ||| FLEEEEING.
  6749 | D:8      | 6749 ||| FLEEEEING.
  6750 | D:8      | 6750 ||| FLEEEEING.
  6751 | D:8      | 6751 ||| FLEEEEING.
  6772 | D:8      | 6772 ||| Stepping ~*~*~tactically~*~*~ (stealth).
  6774 | D:8      | 6774 ||| Stepping ~*~*~tactically~*~*~ (stealth).
  6776 | D:8      | 6776 ||| Stepping ~*~*~tactically~*~*~ (stealth).
  6785 | D:8      | 6785 ||| INVOKING Fiery Armour.
  6786 | D:8      | 6786 ||| Stepping ~*~*~tactically~*~*~ (outnumbered).
  6804 | D:8      | 6804 ||| FLEEEEING.
  6805 | D:8      | 6805 ||| FLEEEEING.
  6806 | D:8      | 6806 ||| FLEEEEING.
  6807 | D:8      | 6807 ||| FLEEEEING.
  6808 | D:8      | 6808 ||| FLEEEEING.
  6809 | D:8      | 6809 ||| FLEEEEING.
  6810 | D:8      | 6810 ||| FLEEEEING.
  6811 | D:8      | 6811 ||| FLEEEEING.
  6812 | D:8      | 6812 ||| FLEEEEING.
  6814 | D:8      | 6814 ||| FLEEEEING.
  6815 | D:8      | 6815 ||| FLEEEEING.
  6816 | D:8      | 6816 ||| FLEEEEING.
  6817 | D:8      | 6817 ||| FLEEEEING.
  6818 | D:8      | 6818 ||| FLEEEEING.
  6820 | D:8      | 6820 ||| STAIRDANCE
  6865 | D:7      | 6865 ||| READING 6 scrolls of identify.
  6865 | D:7      | 6865 ||| IDENTIFYING lumpy coppery potion
  6866 | D:7      | 6866 ||| DROPPING potion of brilliance.
  6990 | D:9      | Noticed a two-headed ogre
  6993 | D:9      | Killed a two-headed ogre
  7005 | D:9      | 7005 ||| Stepping ~*~*~tactically~*~*~ (stealth).
  7007 | D:9      | 7007 ||| Stepping ~*~*~tactically~*~*~ (stealth).
  7010 | D:9      | 7010 ||| Stepping ~*~*~tactically~*~*~ (stealth).
  7012 | D:9      | 7012 ||| Stepping ~*~*~tactically~*~*~ (hiding).
  7132 | D:9      | Reached skill level 14 in Unarmed Combat
  7137 | D:9      | 7137 ||| Stepping ~*~*~tactically~*~*~ (outnumbered).
  7140 | D:9      | 7140 ||| Stepping ~*~*~tactically~*~*~ (outnumbered).
  7141 | D:9      | 7141 ||| Stepping ~*~*~tactically~*~*~ (outnumbered).
  7205 | D:9      | Found a radiant altar of Vehumet.
  7205 | D:9      | Found a burning altar of Makhleb.
  7265 | D:9      | Reached skill level 6 in Fighting
  7424 | D:9      | 7424 ||| INVOKING Fiery Armour.
  7426 | D:9      | Reached skill level 6 in Throwing
  7426 | D:9      | Reached XP level 11. HP: 51/105 MP: 11/11
  7531 | D:9      | 7531 ||| Stepping ~*~*~tactically~*~*~ (stealth).
  7560 | D:9      | 7560 ||| Stepping ~*~*~tactically~*~*~ (stealth).
  7564 | D:9      | 7564 ||| Stepping ~*~*~tactically~*~*~ (stealth).
  7572 | D:9      | Found an iron altar of Okawaru.
  7655 | D:9      | Found a staircase to the Lair.
  7661 | D:9      | 7661 ||| Stepping ~*~*~tactically~*~*~ (stealth).
  7662 | D:9      | 7662 ||| Stepping ~*~*~tactically~*~*~ (stealth).
  7672 | D:9      | Found an ornate altar of the Wu Jian Council.
  7799 | D:9      | 7799 ||| READING scroll labelled UBLAAV QAWEJU.
  7800 | D:9      | 7800 ||| PLANNING LAIR
  7852 | Lair:1   | Entered Level 1 of the Lair of Beasts
  7883 | Lair:1   | 7883 ||| INVOKING Fiery Armour.
  7885 | Lair:1   | HP: 22/105 [poisoned by a water moccasin]
  7886 | Lair:1   | 7886 ||| READING scroll of teleportation.
  7886 | Lair:1   | HP: 8/105 [poisoned by a water moccasin]
  7887 | Lair:1   | 7887 ||| DRINKING potion of heal wounds.
  7891 | Lair:1   | HP: 20/105 [poisoned by a water moccasin]
  7896 | Lair:1   | HP: 18/105 [poisoned by a water moccasin]
  8286 | Lair:1   | Noticed a catoblepas
  8287 | Lair:1   | 8287 ||| INVOKING Fiery Armour.
  8292 | Lair:1   | Killed a catoblepas
  8293 | Lair:1   | Reached skill level 15 in Unarmed Combat
  8468 | Lair:1   | 8468 ||| PLANNING CONVERSION TO OKAWARU
  8468 | Lair:1   | 8468 ||| Stepping randomly (stuck).
  8469 | Lair:1   | 8469 ||| Stepping randomly (stuck).
  8470 | Lair:1   | 8470 ||| Stepping randomly (stuck).
  8476 | Lair:1   | 8476 ||| Stepping randomly (stuck).
  8477 | Lair:1   | 8477 ||| Stepping randomly (stuck).
  8478 | Lair:1   | 8478 ||| Stepping randomly (stuck).
  8479 | Lair:1   | 8479 ||| Stepping randomly (stuck).
  8480 | Lair:1   | 8480 ||| Stepping randomly (stuck).
  8481 | Lair:1   | 8481 ||| Stepping randomly (stuck).
  8482 | Lair:1   | 8482 ||| Stepping randomly (stuck).
  8483 | Lair:1   | 8483 ||| Stepping randomly (stuck).
  8484 | Lair:1   | 8484 ||| Stepping randomly (stuck).
  8485 | Lair:1   | 8485 ||| Stepping randomly (stuck).
  8486 | Lair:1   | 8486 ||| Stepping randomly (stuck).
  8487 | Lair:1   | 8487 ||| Stepping randomly (stuck).
  8488 | Lair:1   | 8488 ||| Stepping randomly (stuck).
  8489 | Lair:1   | 8489 ||| Stepping randomly (stuck).
  8490 | Lair:1   | 8490 ||| Stepping randomly (stuck).
  8491 | Lair:1   | 8491 ||| Stepping randomly (stuck).
  8492 | Lair:1   | 8492 ||| Stepping randomly (stuck).
  8493 | Lair:1   | 8493 ||| Stepping randomly (stuck).
  8494 | Lair:1   | 8494 ||| Stepping randomly (stuck).
  8495 | Lair:1   | 8495 ||| Stepping randomly (stuck).
  8496 | Lair:1   | 8496 ||| Stepping randomly (stuck).
  8497 | Lair:1   | 8497 ||| Stepping randomly (stuck).
  8498 | Lair:1   | 8498 ||| Stepping randomly (stuck).
  8499 | Lair:1   | 8499 ||| Stepping randomly (stuck).
  8500 | Lair:1   | 8500 ||| Stepping randomly (stuck).
  8501 | Lair:1   | 8501 ||| Stepping randomly (stuck).
  8502 | Lair:1   | 8502 ||| Stepping randomly (stuck).
  8503 | Lair:1   | 8503 ||| Stepping randomly (stuck).
  8504 | Lair:1   | 8504 ||| Stepping randomly (stuck).
  8505 | Lair:1   | 8505 ||| Stepping randomly (stuck).
  8506 | Lair:1   | 8506 ||| Stepping randomly (stuck).
  8507 | Lair:1   | 8507 ||| Stepping randomly (stuck).
  8508 | Lair:1   | 8508 ||| Stepping randomly (stuck).
  8509 | Lair:1   | 8509 ||| Stepping randomly (stuck).
  8510 | Lair:1   | 8510 ||| Stepping randomly (stuck).
  8511 | Lair:1   | 8511 ||| Stepping randomly (stuck).
  8512 | Lair:1   | 8512 ||| Stepping randomly (stuck).
  8513 | Lair:1   | 8513 ||| Stepping randomly (stuck).
  8514 | Lair:1   | 8514 ||| Stepping randomly (stuck).
  8515 | Lair:1   | 8515 ||| Stepping randomly (stuck).
  8516 | Lair:1   | 8516 ||| Stepping randomly (stuck).
  8517 | Lair:1   | 8517 ||| Stepping randomly (stuck).
  8518 | Lair:1   | 8518 ||| Stepping randomly (stuck).
  8519 | Lair:1   | 8519 ||| Stepping randomly (stuck).
  8520 | Lair:1   | 8520 ||| Stepping randomly (stuck).
  8521 | Lair:1   | 8521 ||| Stepping randomly (stuck).
  8522 | Lair:1   | 8522 ||| Stepping randomly (stuck).
  8523 | Lair:1   | 8523 ||| Stepping randomly (stuck).
  8524 | Lair:1   | 8524 ||| Stepping randomly (stuck).
  8525 | Lair:1   | 8525 ||| Stepping randomly (stuck).
  8526 | Lair:1   | 8526 ||| Stepping randomly (stuck).
  8527 | Lair:1   | 8527 ||| Stepping randomly (stuck).
  8528 | Lair:1   | 8528 ||| Stepping randomly (stuck).
  8529 | Lair:1   | 8529 ||| Stepping randomly (stuck).
  8530 | Lair:1   | 8530 ||| Stepping randomly (stuck).
  8531 | Lair:1   | 8531 ||| Stepping randomly (stuck).
  8532 | Lair:1   | 8532 ||| Stepping randomly (stuck).
  8533 | Lair:1   | 8533 ||| Stepping randomly (stuck).
  8534 | Lair:1   | 8534 ||| Stepping randomly (stuck).
  8535 | Lair:1   | 8535 ||| Stepping randomly (stuck).
  8536 | Lair:1   | 8536 ||| Stepping randomly (stuck).
  8537 | Lair:1   | 8537 ||| Stepping randomly (stuck).
  8538 | Lair:1   | 8538 ||| Stepping randomly (stuck).
  8539 | Lair:1   | 8539 ||| Stepping randomly (stuck).
  8540 | Lair:1   | 8540 ||| Stepping randomly (stuck).
  8541 | Lair:1   | 8541 ||| Stepping randomly (stuck).
  8542 | Lair:1   | 8542 ||| Stepping randomly (stuck).
  8543 | Lair:1   | 8543 ||| Stepping randomly (stuck).
  8544 | Lair:1   | 8544 ||| Stepping randomly (stuck).
  8545 | Lair:1   | 8545 ||| Stepping randomly (stuck).
  8546 | Lair:1   | 8546 ||| Stepping randomly (stuck).
  8547 | Lair:1   | 8547 ||| Stepping randomly (stuck).
  8548 | Lair:1   | 8548 ||| Stepping randomly (stuck).
  8549 | Lair:1   | 8549 ||| Stepping randomly (stuck).
  8550 | Lair:1   | 8550 ||| Stepping randomly (stuck).
  8551 | Lair:1   | 8551 ||| Stepping randomly (stuck).
  8552 | Lair:1   | 8552 ||| Stepping randomly (stuck).
  8553 | Lair:1   | 8553 ||| Stepping randomly (stuck).
  8554 | Lair:1   | 8554 ||| Stepping randomly (stuck).
  8555 | Lair:1   | 8555 ||| Stepping randomly (stuck).
  8556 | Lair:1   | 8556 ||| Stepping randomly (stuck).
  8557 | Lair:1   | 8557 ||| Stepping randomly (stuck).
  8558 | Lair:1   | 8558 ||| Stepping randomly (stuck).
  8559 | Lair:1   | 8559 ||| Stepping randomly (stuck).
  8560 | Lair:1   | 8560 ||| Stepping randomly (stuck).
  8561 | Lair:1   | 8561 ||| Stepping randomly (stuck).
  8562 | Lair:1   | 8562 ||| Stepping randomly (stuck).
  8563 | Lair:1   | 8563 ||| Stepping randomly (stuck).
  8564 | Lair:1   | 8564 ||| Stepping randomly (stuck).
  8565 | Lair:1   | 8565 ||| Stepping randomly (stuck).
  8566 | Lair:1   | 8566 ||| Stepping randomly (stuck).
  8567 | Lair:1   | 8567 ||| Stepping randomly (stuck).
  8568 | Lair:1   | 8568 ||| Stepping randomly (stuck).
  8569 | Lair:1   | 8569 ||| Stepping randomly (stuck).
  8570 | Lair:1   | 8570 ||| Stepping randomly (stuck).
  8571 | Lair:1   | 8571 ||| Stepping randomly (stuck).
  8572 | Lair:1   | 8572 ||| Stepping randomly (stuck).
  8573 | Lair:1   | 8573 ||| Stepping randomly (stuck).
  8574 | Lair:1   | 8574 ||| Stepping randomly (stuck).
  8575 | Lair:1   | 8575 ||| Stepping randomly (stuck).
  8576 | Lair:1   | 8576 ||| Stepping randomly (stuck).
  8577 | Lair:1   | 8577 ||| Stepping randomly (stuck).
  8578 | Lair:1   | 8578 ||| Stepping randomly (stuck).
  8579 | Lair:1   | 8579 ||| Stepping randomly (stuck).
  8580 | Lair:1   | 8580 ||| Stepping randomly (stuck).
  8581 | Lair:1   | 8581 ||| Stepping randomly (stuck).
  8582 | Lair:1   | 8582 ||| Stepping randomly (stuck).
  8583 | Lair:1   | 8583 ||| Stepping randomly (stuck).
  8584 | Lair:1   | 8584 ||| Stepping randomly (stuck).
  8585 | Lair:1   | 8585 ||| Stepping randomly (stuck).
  8586 | Lair:1   | 8586 ||| Stepping randomly (stuck).
  8587 | Lair:1   | 8587 ||| Stepping randomly (stuck).
  8588 | Lair:1   | 8588 ||| Stepping randomly (stuck).
  8589 | Lair:1   | 8589 ||| Stepping randomly (stuck).
  8590 | Lair:1   | 8590 ||| Stepping randomly (stuck).
  8591 | Lair:1   | 8591 ||| Stepping randomly (stuck).
  8592 | Lair:1   | 8592 ||| Stepping randomly (stuck).
  8593 | Lair:1   | 8593 ||| Stepping randomly (stuck).
  8594 | Lair:1   | 8594 ||| Stepping randomly (stuck).
  8595 | Lair:1   | 8595 ||| Stepping randomly (stuck).
  8596 | Lair:1   | 8596 ||| Stepping randomly (stuck).
  8597 | Lair:1   | 8597 ||| Stepping randomly (stuck).
  8598 | Lair:1   | 8598 ||| Stepping randomly (stuck).
  8599 | Lair:1   | 8599 ||| Stepping randomly (stuck).
  8600 | Lair:1   | 8600 ||| Stepping randomly (stuck).
  8601 | Lair:1   | 8601 ||| Stepping randomly (stuck).
  8602 | Lair:1   | 8602 ||| Stepping randomly (stuck).
  8603 | Lair:1   | 8603 ||| Stepping randomly (stuck).
  8604 | Lair:1   | 8604 ||| Stepping randomly (stuck).
  8605 | Lair:1   | 8605 ||| Stepping randomly (stuck).
  8606 | Lair:1   | 8606 ||| Stepping randomly (stuck).
  8607 | Lair:1   | 8607 ||| Stepping randomly (stuck).
  8608 | Lair:1   | 8608 ||| Stepping randomly (stuck).
  8609 | Lair:1   | 8609 ||| Stepping randomly (stuck).
  8610 | Lair:1   | 8610 ||| Stepping randomly (stuck).
  8611 | Lair:1   | 8611 ||| Stepping randomly (stuck).
  8612 | Lair:1   | 8612 ||| Stepping randomly (stuck).
  8613 | Lair:1   | 8613 ||| Stepping randomly (stuck).
  8614 | Lair:1   | 8614 ||| Stepping randomly (stuck).
  8615 | Lair:1   | 8615 ||| Stepping randomly (stuck).
  8616 | Lair:1   | 8616 ||| Stepping randomly (stuck).
  8617 | Lair:1   | 8617 ||| Stepping randomly (stuck).
  8618 | Lair:1   | 8618 ||| Stepping randomly (stuck).
  8619 | Lair:1   | 8619 ||| Stepping randomly (stuck).
  8620 | Lair:1   | 8620 ||| Stepping randomly (stuck).
  8621 | Lair:1   | 8621 ||| Stepping randomly (stuck).
  8622 | Lair:1   | 8622 ||| Stepping randomly (stuck).
  8623 | Lair:1   | 8623 ||| Stepping randomly (stuck).
  8624 | Lair:1   | 8624 ||| Stepping randomly (stuck).
  8625 | Lair:1   | 8625 ||| Stepping randomly (stuck).
  8626 | Lair:1   | 8626 ||| Stepping randomly (stuck).
  8627 | Lair:1   | 8627 ||| Stepping randomly (stuck).
  8628 | Lair:1   | 8628 ||| Stepping randomly (stuck).
  8629 | Lair:1   | 8629 ||| Stepping randomly (stuck).
  8630 | Lair:1   | 8630 ||| Stepping randomly (stuck).
  8631 | Lair:1   | 8631 ||| Stepping randomly (stuck).
  8632 | Lair:1   | 8632 ||| Stepping randomly (stuck).
  8633 | Lair:1   | 8633 ||| Stepping randomly (stuck).
  8634 | Lair:1   | 8634 ||| Stepping randomly (stuck).
  8635 | Lair:1   | 8635 ||| Stepping randomly (stuck).
  8636 | Lair:1   | 8636 ||| Stepping randomly (stuck).
  8637 | Lair:1   | 8637 ||| Stepping randomly (stuck).
  8638 | Lair:1   | 8638 ||| Stepping randomly (stuck).
  8639 | Lair:1   | 8639 ||| Stepping randomly (stuck).
  8640 | Lair:1   | 8640 ||| Stepping randomly (stuck).
  8641 | Lair:1   | 8641 ||| Stepping randomly (stuck).
  8642 | Lair:1   | 8642 ||| Stepping randomly (stuck).
  8643 | Lair:1   | 8643 ||| Stepping randomly (stuck).
  8644 | Lair:1   | 8644 ||| Stepping randomly (stuck).
  8645 | Lair:1   | 8645 ||| Stepping randomly (stuck).
  8646 | Lair:1   | 8646 ||| Stepping randomly (stuck).
  8647 | Lair:1   | 8647 ||| Stepping randomly (stuck).
  8648 | Lair:1   | 8648 ||| Stepping randomly (stuck).
  8649 | Lair:1   | 8649 ||| Stepping randomly (stuck).
  8650 | Lair:1   | 8650 ||| Stepping randomly (stuck).
  8651 | Lair:1   | 8651 ||| Stepping randomly (stuck).
  8652 | Lair:1   | 8652 ||| Stepping randomly (stuck).
  8653 | Lair:1   | 8653 ||| Stepping randomly (stuck).
  8654 | Lair:1   | 8654 ||| Stepping randomly (stuck).
  8655 | Lair:1   | 8655 ||| Stepping randomly (stuck).
  8656 | Lair:1   | 8656 ||| Stepping randomly (stuck).
  8657 | Lair:1   | 8657 ||| Stepping randomly (stuck).
  8658 | Lair:1   | 8658 ||| Stepping randomly (stuck).
  8659 | Lair:1   | 8659 ||| Stepping randomly (stuck).
  8660 | Lair:1   | 8660 ||| Stepping randomly (stuck).
  8661 | Lair:1   | 8661 ||| Stepping randomly (stuck).
  8662 | Lair:1   | 8662 ||| Stepping randomly (stuck).
  8663 | Lair:1   | 8663 ||| Stepping randomly (stuck).
  8664 | Lair:1   | 8664 ||| Stepping randomly (stuck).
  8665 | Lair:1   | 8665 ||| Stepping randomly (stuck).
  8666 | Lair:1   | 8666 ||| Stepping randomly (stuck).
  8667 | Lair:1   | 8667 ||| Stepping randomly (stuck).
  8668 | Lair:1   | 8668 ||| Stepping randomly (stuck).
  8669 | Lair:1   | 8669 ||| Stepping randomly (stuck).
  8670 | Lair:1   | 8670 ||| Stepping randomly (stuck).
  8671 | Lair:1   | 8671 ||| Stepping randomly (stuck).
  8672 | Lair:1   | 8672 ||| Stepping randomly (stuck).
  8673 | Lair:1   | 8673 ||| Stepping randomly (stuck).
  8674 | Lair:1   | 8674 ||| Stepping randomly (stuck).
  8675 | Lair:1   | 8675 ||| Stepping randomly (stuck).
  8676 | Lair:1   | 8676 ||| Stepping randomly (stuck).
  8677 | Lair:1   | 8677 ||| Stepping randomly (stuck).
  8678 | Lair:1   | 8678 ||| Stepping randomly (stuck).
  8679 | Lair:1   | 8679 ||| Stepping randomly (stuck).
  8680 | Lair:1   | 8680 ||| Stepping randomly (stuck).
  8681 | Lair:1   | 8681 ||| Stepping randomly (stuck).
  8682 | Lair:1   | 8682 ||| Stepping randomly (stuck).
  8683 | Lair:1   | 8683 ||| Stepping randomly (stuck).
  8684 | Lair:1   | 8684 ||| Stepping randomly (stuck).
  8685 | Lair:1   | 8685 ||| Stepping randomly (stuck).
  8686 | Lair:1   | 8686 ||| Stepping randomly (stuck).
  8687 | Lair:1   | 8687 ||| Stepping randomly (stuck).
  8688 | Lair:1   | 8688 ||| Stepping randomly (stuck).
  8689 | Lair:1   | 8689 ||| Stepping randomly (stuck).
  8690 | Lair:1   | 8690 ||| Stepping randomly (stuck).
  8691 | Lair:1   | 8691 ||| Stepping randomly (stuck).
  8692 | Lair:1   | 8692 ||| Stepping randomly (stuck).
  8693 | Lair:1   | 8693 ||| Stepping randomly (stuck).
  8694 | Lair:1   | 8694 ||| Stepping randomly (stuck).
  8695 | Lair:1   | 8695 ||| Stepping randomly (stuck).
  8696 | Lair:1   | 8696 ||| Stepping randomly (stuck).
  8697 | Lair:1   | 8697 ||| Stepping randomly (stuck).
  8698 | Lair:1   | 8698 ||| Stepping randomly (stuck).
  8699 | Lair:1   | 8699 ||| Stepping randomly (stuck).
  8700 | Lair:1   | 8700 ||| Stepping randomly (stuck).
  8701 | Lair:1   | 8701 ||| Stepping randomly (stuck).
  8702 | Lair:1   | 8702 ||| Stepping randomly (stuck).
  8703 | Lair:1   | 8703 ||| Stepping randomly (stuck).
  8704 | Lair:1   | 8704 ||| Stepping randomly (stuck).
  8705 | Lair:1   | 8705 ||| Stepping randomly (stuck).
  8706 | Lair:1   | 8706 ||| Stepping randomly (stuck).
  8707 | Lair:1   | 8707 ||| Stepping randomly (stuck).
  8708 | Lair:1   | 8708 ||| Stepping randomly (stuck).
  8709 | Lair:1   | 8709 ||| Stepping randomly (stuck).
  8710 | Lair:1   | 8710 ||| Stepping randomly (stuck).
  8711 | Lair:1   | 8711 ||| Stepping randomly (stuck).
  8712 | Lair:1   | 8712 ||| Stepping randomly (stuck).
  8713 | Lair:1   | 8713 ||| Stepping randomly (stuck).
  8714 | Lair:1   | 8714 ||| Stepping randomly (stuck).
  8715 | Lair:1   | 8715 ||| Stepping randomly (stuck).
  8716 | Lair:1   | 8716 ||| Stepping randomly (stuck).
  8717 | Lair:1   | 8717 ||| Stepping randomly (stuck).
  8718 | Lair:1   | 8718 ||| Stepping randomly (stuck).
  8719 | Lair:1   | 8719 ||| Stepping randomly (stuck).
  8720 | Lair:1   | 8720 ||| Stepping randomly (stuck).
  8721 | Lair:1   | 8721 ||| Stepping randomly (stuck).
  8722 | Lair:1   | 8722 ||| Stepping randomly (stuck).
  8723 | Lair:1   | 8723 ||| Stepping randomly (stuck).
  8724 | Lair:1   | 8724 ||| Stepping randomly (stuck).
  8725 | Lair:1   | 8725 ||| Stepping randomly (stuck).
  8726 | Lair:1   | 8726 ||| Stepping randomly (stuck).
  8727 | Lair:1   | 8727 ||| Stepping randomly (stuck).
  8728 | Lair:1   | 8728 ||| Stepping randomly (stuck).
  8729 | Lair:1   | 8729 ||| Stepping randomly (stuck).
  8730 | Lair:1   | 8730 ||| Stepping randomly (stuck).
  8731 | Lair:1   | 8731 ||| Stepping randomly (stuck).
  8732 | Lair:1   | 8732 ||| Stepping randomly (stuck).
  8733 | Lair:1   | 8733 ||| Stepping randomly (stuck).
  8734 | Lair:1   | 8734 ||| Stepping randomly (stuck).
  8735 | Lair:1   | 8735 ||| Stepping randomly (stuck).
  8736 | Lair:1   | 8736 ||| Stepping randomly (stuck).
  8737 | Lair:1   | 8737 ||| Stepping randomly (stuck).
  8738 | Lair:1   | 8738 ||| Stepping randomly (stuck).
  8739 | Lair:1   | 8739 ||| Stepping randomly (stuck).
  8740 | Lair:1   | 8740 ||| Stepping randomly (stuck).
  8741 | Lair:1   | 8741 ||| Stepping randomly (stuck).
  8742 | Lair:1   | 8742 ||| Stepping randomly (stuck).
  8743 | Lair:1   | 8743 ||| Stepping randomly (stuck).
  8744 | Lair:1   | 8744 ||| Stepping randomly (stuck).
  8745 | Lair:1   | 8745 ||| Stepping randomly (stuck).
  8746 | Lair:1   | 8746 ||| Stepping randomly (stuck).
  8747 | Lair:1   | 8747 ||| Stepping randomly (stuck).
  8748 | Lair:1   | 8748 ||| Stepping randomly (stuck).
  8749 | Lair:1   | 8749 ||| Stepping randomly (stuck).
  8750 | Lair:1   | 8750 ||| Stepping randomly (stuck).
  8751 | Lair:1   | 8751 ||| Stepping randomly (stuck).
  8752 | Lair:1   | 8752 ||| Stepping randomly (stuck).
  8753 | Lair:1   | 8753 ||| Stepping randomly (stuck).
  8754 | Lair:1   | 8754 ||| Stepping randomly (stuck).
  8755 | Lair:1   | 8755 ||| Stepping randomly (stuck).
  8756 | Lair:1   | 8756 ||| Stepping randomly (stuck).
  8757 | Lair:1   | 8757 ||| Stepping randomly (stuck).
  8758 | Lair:1   | 8758 ||| Stepping randomly (stuck).
  8759 | Lair:1   | 8759 ||| Stepping randomly (stuck).
  8760 | Lair:1   | 8760 ||| Stepping randomly (stuck).
  8761 | Lair:1   | 8761 ||| Stepping randomly (stuck).
  8762 | Lair:1   | 8762 ||| Stepping randomly (stuck).
  8763 | Lair:1   | 8763 ||| Stepping randomly (stuck).
  8764 | Lair:1   | 8764 ||| Stepping randomly (stuck).
  8765 | Lair:1   | 8765 ||| Stepping randomly (stuck).
  8766 | Lair:1   | 8766 ||| Stepping randomly (stuck).
  8767 | Lair:1   | 8767 ||| Stepping randomly (stuck).
  8768 | Lair:1   | 8768 ||| Stepping randomly (stuck).
  8769 | Lair:1   | 8769 ||| Stepping randomly (stuck).
  8770 | Lair:1   | 8770 ||| Stepping randomly (stuck).
  8771 | Lair:1   | 8771 ||| Stepping randomly (stuck).
  8772 | Lair:1   | 8772 ||| Stepping randomly (stuck).
  8773 | Lair:1   | 8773 ||| Stepping randomly (stuck).
  8774 | Lair:1   | 8774 ||| Stepping randomly (stuck).
  8775 | Lair:1   | 8775 ||| Stepping randomly (stuck).
  8776 | Lair:1   | 8776 ||| Stepping randomly (stuck).
  8777 | Lair:1   | 8777 ||| Stepping randomly (stuck).
  8778 | Lair:1   | 8778 ||| Stepping randomly (stuck).
  8779 | Lair:1   | 8779 ||| Stepping randomly (stuck).
  8780 | Lair:1   | 8780 ||| Stepping randomly (stuck).
  8781 | Lair:1   | 8781 ||| Stepping randomly (stuck).
  8782 | Lair:1   | 8782 ||| Stepping randomly (stuck).
  8783 | Lair:1   | 8783 ||| Stepping randomly (stuck).
  8784 | Lair:1   | 8784 ||| Stepping randomly (stuck).
  8785 | Lair:1   | 8785 ||| Stepping randomly (stuck).
  8786 | Lair:1   | 8786 ||| Stepping randomly (stuck).
  8787 | Lair:1   | 8787 ||| Stepping randomly (stuck).
  8788 | Lair:1   | 8788 ||| Stepping randomly (stuck).
  8789 | Lair:1   | 8789 ||| Stepping randomly (stuck).
  8790 | Lair:1   | 8790 ||| Stepping randomly (stuck).
  8791 | Lair:1   | 8791 ||| Stepping randomly (stuck).
  8792 | Lair:1   | 8792 ||| Stepping randomly (stuck).
  8793 | Lair:1   | 8793 ||| Stepping randomly (stuck).
  8794 | Lair:1   | 8794 ||| Stepping randomly (stuck).
  8795 | Lair:1   | 8795 ||| Stepping randomly (stuck).
  8796 | Lair:1   | 8796 ||| Stepping randomly (stuck).
  8797 | Lair:1   | 8797 ||| Stepping randomly (stuck).
  8798 | Lair:1   | 8798 ||| Stepping randomly (stuck).
  8799 | Lair:1   | 8799 ||| Stepping randomly (stuck).
  8800 | Lair:1   | 8800 ||| Stepping randomly (stuck).
  8801 | Lair:1   | 8801 ||| Stepping randomly (stuck).
  8802 | Lair:1   | 8802 ||| Stepping randomly (stuck).
  8803 | Lair:1   | 8803 ||| Stepping randomly (stuck).
  8804 | Lair:1   | 8804 ||| Stepping randomly (stuck).
  8805 | Lair:1   | 8805 ||| Stepping randomly (stuck).
  8806 | Lair:1   | 8806 ||| Stepping randomly (stuck).
  8807 | Lair:1   | 8807 ||| Stepping randomly (stuck).
  8808 | Lair:1   | 8808 ||| Stepping randomly (stuck).
  8809 | Lair:1   | 8809 ||| Stepping randomly (stuck).
  8810 | Lair:1   | 8810 ||| Stepping randomly (stuck).
  8811 | Lair:1   | 8811 ||| Stepping randomly (stuck).
  8812 | Lair:1   | 8812 ||| Stepping randomly (stuck).
  8813 | Lair:1   | 8813 ||| Stepping randomly (stuck).
  8814 | Lair:1   | 8814 ||| Stepping randomly (stuck).
  8815 | Lair:1   | 8815 ||| Stepping randomly (stuck).
  8816 | Lair:1   | 8816 ||| Stepping randomly (stuck).
  8817 | Lair:1   | 8817 ||| Stepping randomly (stuck).
  8818 | Lair:1   | 8818 ||| Stepping randomly (stuck).
  8819 | Lair:1   | 8819 ||| Stepping randomly (stuck).
  8820 | Lair:1   | 8820 ||| Stepping randomly (stuck).
  8821 | Lair:1   | 8821 ||| Stepping randomly (stuck).
  8822 | Lair:1   | 8822 ||| Stepping randomly (stuck).
  8823 | Lair:1   | 8823 ||| Stepping randomly (stuck).
  8824 | Lair:1   | 8824 ||| Stepping randomly (stuck).
  8825 | Lair:1   | 8825 ||| Stepping randomly (stuck).
  8826 | Lair:1   | 8826 ||| Stepping randomly (stuck).
  8827 | Lair:1   | 8827 ||| Stepping randomly (stuck).
  8828 | Lair:1   | 8828 ||| Stepping randomly (stuck).
  8829 | Lair:1   | 8829 ||| Stepping randomly (stuck).
  8830 | Lair:1   | 8830 ||| Stepping randomly (stuck).
  8831 | Lair:1   | 8831 ||| Stepping randomly (stuck).
  8832 | Lair:1   | 8832 ||| Stepping randomly (stuck).
  8833 | Lair:1   | 8833 ||| Stepping randomly (stuck).
  8834 | Lair:1   | 8834 ||| Stepping randomly (stuck).
  8835 | Lair:1   | 8835 ||| Stepping randomly (stuck).
  8836 | Lair:1   | 8836 ||| Stepping randomly (stuck).
  8837 | Lair:1   | 8837 ||| Stepping randomly (stuck).
  8838 | Lair:1   | 8838 ||| Stepping randomly (stuck).
  8839 | Lair:1   | 8839 ||| Stepping randomly (stuck).
  8840 | Lair:1   | 8840 ||| Stepping randomly (stuck).
  8841 | Lair:1   | 8841 ||| Stepping randomly (stuck).
  8842 | Lair:1   | 8842 ||| Stepping randomly (stuck).
  8843 | Lair:1   | 8843 ||| Stepping randomly (stuck).
  8844 | Lair:1   | 8844 ||| Stepping randomly (stuck).
  8845 | Lair:1   | 8845 ||| Stepping randomly (stuck).
  8846 | Lair:1   | 8846 ||| Stepping randomly (stuck).
  8847 | Lair:1   | 8847 ||| Stepping randomly (stuck).
  8848 | Lair:1   | 8848 ||| Stepping randomly (stuck).
  8849 | Lair:1   | 8849 ||| Stepping randomly (stuck).
  8850 | Lair:1   | 8850 ||| Stepping randomly (stuck).
  8851 | Lair:1   | 8851 ||| Stepping randomly (stuck).
  8852 | Lair:1   | 8852 ||| Stepping randomly (stuck).
  8853 | Lair:1   | 8853 ||| Stepping randomly (stuck).
  8854 | Lair:1   | 8854 ||| Stepping randomly (stuck).
  8855 | Lair:1   | 8855 ||| Stepping randomly (stuck).
  8856 | Lair:1   | 8856 ||| Stepping randomly (stuck).
  8857 | Lair:1   | 8857 ||| Stepping randomly (stuck).
  8858 | Lair:1   | 8858 ||| Stepping randomly (stuck).
  8859 | Lair:1   | 8859 ||| Stepping randomly (stuck).
  8860 | Lair:1   | 8860 ||| Stepping randomly (stuck).
  8861 | Lair:1   | 8861 ||| Stepping randomly (stuck).
  8862 | Lair:1   | 8862 ||| Stepping randomly (stuck).
  8863 | Lair:1   | 8863 ||| Stepping randomly (stuck).
  8864 | Lair:1   | 8864 ||| Stepping randomly (stuck).
  8865 | Lair:1   | 8865 ||| Stepping randomly (stuck).
  8866 | Lair:1   | 8866 ||| Stepping randomly (stuck).
  8867 | Lair:1   | 8867 ||| Stepping randomly (stuck).
  8868 | Lair:1   | 8868 ||| Stepping randomly (stuck).
  8869 | Lair:1   | 8869 ||| Stepping randomly (stuck).
  8870 | Lair:1   | 8870 ||| Stepping randomly (stuck).
  8871 | Lair:1   | 8871 ||| Stepping randomly (stuck).
  8872 | Lair:1   | 8872 ||| Stepping randomly (stuck).
  8873 | Lair:1   | 8873 ||| Stepping randomly (stuck).
  8874 | Lair:1   | 8874 ||| Stepping randomly (stuck).
  8875 | Lair:1   | 8875 ||| Stepping randomly (stuck).
  8876 | Lair:1   | 8876 ||| Stepping randomly (stuck).
  8877 | Lair:1   | 8877 ||| Stepping randomly (stuck).
  8878 | Lair:1   | 8878 ||| Stepping randomly (stuck).
  8879 | Lair:1   | 8879 ||| Stepping randomly (stuck).
  8880 | Lair:1   | 8880 ||| Stepping randomly (stuck).
  8881 | Lair:1   | 8881 ||| Stepping randomly (stuck).
  8882 | Lair:1   | 8882 ||| Stepping randomly (stuck).
  8883 | Lair:1   | 8883 ||| Stepping randomly (stuck).
  8884 | Lair:1   | 8884 ||| Stepping randomly (stuck).
  8885 | Lair:1   | 8885 ||| Stepping randomly (stuck).
  8886 | Lair:1   | 8886 ||| Stepping randomly (stuck).
  8887 | Lair:1   | 8887 ||| Stepping randomly (stuck).
  8888 | Lair:1   | 8888 ||| Stepping randomly (stuck).
  8889 | Lair:1   | 8889 ||| Stepping randomly (stuck).
  8890 | Lair:1   | 8890 ||| Stepping randomly (stuck).
  8891 | Lair:1   | 8891 ||| Stepping randomly (stuck).
  8892 | Lair:1   | 8892 ||| Stepping randomly (stuck).
  8893 | Lair:1   | 8893 ||| Stepping randomly (stuck).
  8894 | Lair:1   | 8894 ||| Stepping randomly (stuck).
  8895 | Lair:1   | 8895 ||| Stepping randomly (stuck).
  8896 | Lair:1   | 8896 ||| Stepping randomly (stuck).
  8897 | Lair:1   | 8897 ||| Stepping randomly (stuck).
  8898 | Lair:1   | 8898 ||| Stepping randomly (stuck).
  8899 | Lair:1   | 8899 ||| Stepping randomly (stuck).
  8900 | Lair:1   | 8900 ||| Stepping randomly (stuck).
  8901 | Lair:1   | 8901 ||| Stepping randomly (stuck).
  8902 | Lair:1   | 8902 ||| Stepping randomly (stuck).
  8903 | Lair:1   | 8903 ||| Stepping randomly (stuck).
  8904 | Lair:1   | 8904 ||| Stepping randomly (stuck).
  8905 | Lair:1   | 8905 ||| Stepping randomly (stuck).
  8906 | Lair:1   | 8906 ||| Stepping randomly (stuck).
  8907 | Lair:1   | 8907 ||| Stepping randomly (stuck).
  8908 | Lair:1   | 8908 ||| Stepping randomly (stuck).
  8909 | Lair:1   | 8909 ||| Stepping randomly (stuck).
  8910 | Lair:1   | 8910 ||| Stepping randomly (stuck).
  8911 | Lair:1   | 8911 ||| Stepping randomly (stuck).
  8912 | Lair:1   | 8912 ||| Stepping randomly (stuck).
  8913 | Lair:1   | 8913 ||| Stepping randomly (stuck).
  8914 | Lair:1   | 8914 ||| Stepping randomly (stuck).
  8915 | Lair:1   | 8915 ||| Stepping randomly (stuck).
  8916 | Lair:1   | 8916 ||| Stepping randomly (stuck).
  8917 | Lair:1   | 8917 ||| Stepping randomly (stuck).
  8918 | Lair:1   | 8918 ||| Stepping randomly (stuck).
  8919 | Lair:1   | 8919 ||| Stepping randomly (stuck).
  8920 | Lair:1   | 8920 ||| Stepping randomly (stuck).
  8921 | Lair:1   | 8921 ||| Stepping randomly (stuck).
  8922 | Lair:1   | 8922 ||| Stepping randomly (stuck).
  8923 | Lair:1   | 8923 ||| Stepping randomly (stuck).
  8924 | Lair:1   | 8924 ||| Stepping randomly (stuck).
  8925 | Lair:1   | 8925 ||| Stepping randomly (stuck).
  8926 | Lair:1   | 8926 ||| Stepping randomly (stuck).
  8927 | Lair:1   | 8927 ||| Stepping randomly (stuck).
  8928 | Lair:1   | 8928 ||| Stepping randomly (stuck).
  8929 | Lair:1   | 8929 ||| Stepping randomly (stuck).
  8930 | Lair:1   | 8930 ||| Stepping randomly (stuck).
  8931 | Lair:1   | 8931 ||| Stepping randomly (stuck).
  8932 | Lair:1   | 8932 ||| Stepping randomly (stuck).
  8933 | Lair:1   | 8933 ||| Stepping randomly (stuck).
  8934 | Lair:1   | 8934 ||| Stepping randomly (stuck).
  8935 | Lair:1   | 8935 ||| Stepping randomly (stuck).
  8936 | Lair:1   | 8936 ||| Stepping randomly (stuck).
  8937 | Lair:1   | 8937 ||| Stepping randomly (stuck).
  8938 | Lair:1   | 8938 ||| Stepping randomly (stuck).
  8939 | Lair:1   | 8939 ||| Stepping randomly (stuck).
  8940 | Lair:1   | 8940 ||| Stepping randomly (stuck).
  8941 | Lair:1   | 8941 ||| Stepping randomly (stuck).
  8942 | Lair:1   | 8942 ||| Stepping randomly (stuck).
  8943 | Lair:1   | 8943 ||| Stepping randomly (stuck).
  8944 | Lair:1   | 8944 ||| Stepping randomly (stuck).
  8945 | Lair:1   | 8945 ||| Stepping randomly (stuck).
  8946 | Lair:1   | 8946 ||| Stepping randomly (stuck).
  8947 | Lair:1   | 8947 ||| Stepping randomly (stuck).
  8948 | Lair:1   | 8948 ||| Stepping randomly (stuck).
  8949 | Lair:1   | 8949 ||| Stepping randomly (stuck).
  8950 | Lair:1   | 8950 ||| Stepping randomly (stuck).
  8951 | Lair:1   | 8951 ||| Stepping randomly (stuck).
  8952 | Lair:1   | 8952 ||| Stepping randomly (stuck).
  8953 | Lair:1   | 8953 ||| Stepping randomly (stuck).
  8954 | Lair:1   | 8954 ||| Stepping randomly (stuck).
  8955 | Lair:1   | 8955 ||| Stepping randomly (stuck).
  8956 | Lair:1   | 8956 ||| Stepping randomly (stuck).
  8957 | Lair:1   | 8957 ||| Stepping randomly (stuck).
  8958 | Lair:1   | 8958 ||| Stepping randomly (stuck).
  8959 | Lair:1   | 8959 ||| Stepping randomly (stuck).
  8960 | Lair:1   | 8960 ||| Stepping randomly (stuck).
  8961 | Lair:1   | 8961 ||| Stepping randomly (stuck).
  8962 | Lair:1   | 8962 ||| Stepping randomly (stuck).
  8963 | Lair:1   | 8963 ||| Stepping randomly (stuck).
  8964 | Lair:1   | 8964 ||| Stepping randomly (stuck).
  8965 | Lair:1   | 8965 ||| Stepping randomly (stuck).
  8966 | Lair:1   | 8966 ||| Stepping randomly (stuck).
  8967 | Lair:1   | 8967 ||| Stepping randomly (stuck).
  8968 | Lair:1   | 8968 ||| Stepping randomly (stuck).
  8969 | Lair:1   | 8969 ||| Stepping randomly (stuck).
  8970 | Lair:1   | 8970 ||| Stepping randomly (stuck).
  8971 | Lair:1   | 8971 ||| Stepping randomly (stuck).
  8972 | Lair:1   | 8972 ||| Stepping randomly (stuck).
  8973 | Lair:1   | 8973 ||| Stepping randomly (stuck).
  8974 | Lair:1   | 8974 ||| Stepping randomly (stuck).
  8975 | Lair:1   | 8975 ||| Stepping randomly (stuck).
  8976 | Lair:1   | 8976 ||| Stepping randomly (stuck).
  8977 | Lair:1   | 8977 ||| Stepping randomly (stuck).
  8978 | Lair:1   | 8978 ||| Stepping randomly (stuck).
  8979 | Lair:1   | 8979 ||| Stepping randomly (stuck).
  8980 | Lair:1   | 8980 ||| Stepping randomly (stuck).
  8981 | Lair:1   | 8981 ||| Stepping randomly (stuck).
  8982 | Lair:1   | 8982 ||| Stepping randomly (stuck).
  8983 | Lair:1   | 8983 ||| Stepping randomly (stuck).
  8984 | Lair:1   | 8984 ||| Stepping randomly (stuck).
  8985 | Lair:1   | 8985 ||| Stepping randomly (stuck).
  8986 | Lair:1   | 8986 ||| Stepping randomly (stuck).
  8987 | Lair:1   | 8987 ||| Stepping randomly (stuck).
  8988 | Lair:1   | 8988 ||| Stepping randomly (stuck).
  8989 | Lair:1   | 8989 ||| Stepping randomly (stuck).
  8990 | Lair:1   | 8990 ||| Stepping randomly (stuck).
  8991 | Lair:1   | 8991 ||| Stepping randomly (stuck).
  8992 | Lair:1   | 8992 ||| Stepping randomly (stuck).
  8993 | Lair:1   | 8993 ||| Stepping randomly (stuck).
  8994 | Lair:1   | 8994 ||| Stepping randomly (stuck).
  8995 | Lair:1   | 8995 ||| Stepping randomly (stuck).
  8996 | Lair:1   | 8996 ||| Stepping randomly (stuck).
  8997 | Lair:1   | 8997 ||| Stepping randomly (stuck).
  8998 | Lair:1   | 8998 ||| Stepping randomly (stuck).
  8999 | Lair:1   | 8999 ||| Stepping randomly (stuck).
  9000 | Lair:1   | 9000 ||| Stepping randomly (stuck).
  9001 | Lair:1   | 9001 ||| Stepping randomly (stuck).
  9002 | Lair:1   | 9002 ||| Stepping randomly (stuck).
  9003 | Lair:1   | 9003 ||| Stepping randomly (stuck).
  9004 | Lair:1   | 9004 ||| Stepping randomly (stuck).
  9005 | Lair:1   | 9005 ||| Stepping randomly (stuck).
  9006 | Lair:1   | 9006 ||| Stepping randomly (stuck).
  9007 | Lair:1   | 9007 ||| Stepping randomly (stuck).
  9008 | Lair:1   | 9008 ||| Stepping randomly (stuck).
  9009 | Lair:1   | 9009 ||| Stepping randomly (stuck).
  9010 | Lair:1   | 9010 ||| Stepping randomly (stuck).
  9011 | Lair:1   | 9011 ||| Stepping randomly (stuck).
  9012 | Lair:1   | 9012 ||| Stepping randomly (stuck).
  9013 | Lair:1   | 9013 ||| Stepping randomly (stuck).
  9014 | Lair:1   | 9014 ||| Stepping randomly (stuck).
  9015 | Lair:1   | 9015 ||| Stepping randomly (stuck).
  9016 | Lair:1   | 9016 ||| Stepping randomly (stuck).
  9017 | Lair:1   | 9017 ||| Stepping randomly (stuck).
  9018 | Lair:1   | 9018 ||| Stepping randomly (stuck).
  9019 | Lair:1   | 9019 ||| Stepping randomly (stuck).
  9020 | Lair:1   | 9020 ||| Stepping randomly (stuck).
  9021 | Lair:1   | 9021 ||| Stepping randomly (stuck).
  9022 | Lair:1   | 9022 ||| Stepping randomly (stuck).
  9023 | Lair:1   | 9023 ||| Stepping randomly (stuck).
  9024 | Lair:1   | 9024 ||| Stepping randomly (stuck).
  9025 | Lair:1   | 9025 ||| Stepping randomly (stuck).
  9026 | Lair:1   | 9026 ||| Stepping randomly (stuck).
  9027 | Lair:1   | 9027 ||| Stepping randomly (stuck).
  9028 | Lair:1   | 9028 ||| Stepping randomly (stuck).
  9029 | Lair:1   | 9029 ||| Stepping randomly (stuck).
  9030 | Lair:1   | 9030 ||| Stepping randomly (stuck).
  9031 | Lair:1   | 9031 ||| Stepping randomly (stuck).
  9032 | Lair:1   | 9032 ||| Stepping randomly (stuck).
  9033 | Lair:1   | 9033 ||| Stepping randomly (stuck).
  9034 | Lair:1   | 9034 ||| Stepping randomly (stuck).
  9035 | Lair:1   | 9035 ||| Stepping randomly (stuck).
  9036 | Lair:1   | 9036 ||| Stepping randomly (stuck).
  9037 | Lair:1   | 9037 ||| Stepping randomly (stuck).
  9038 | Lair:1   | 9038 ||| Stepping randomly (stuck).
  9039 | Lair:1   | 9039 ||| Stepping randomly (stuck).
  9040 | Lair:1   | 9040 ||| Stepping randomly (stuck).
  9041 | Lair:1   | 9041 ||| Stepping randomly (stuck).
  9042 | Lair:1   | 9042 ||| Stepping randomly (stuck).
  9043 | Lair:1   | 9043 ||| Stepping randomly (stuck).
  9044 | Lair:1   | 9044 ||| Stepping randomly (stuck).
  9045 | Lair:1   | 9045 ||| Stepping randomly (stuck).
  9046 | Lair:1   | 9046 ||| Stepping randomly (stuck).
  9047 | Lair:1   | 9047 ||| Stepping randomly (stuck).
  9048 | Lair:1   | 9048 ||| Stepping randomly (stuck).
  9049 | Lair:1   | 9049 ||| Stepping randomly (stuck).
  9050 | Lair:1   | 9050 ||| Stepping randomly (stuck).
  9051 | Lair:1   | 9051 ||| Stepping randomly (stuck).
  9052 | Lair:1   | 9052 ||| Stepping randomly (stuck).
  9053 | Lair:1   | 9053 ||| Stepping randomly (stuck).
  9054 | Lair:1   | 9054 ||| Stepping randomly (stuck).
  9055 | Lair:1   | 9055 ||| Stepping randomly (stuck).
  9056 | Lair:1   | 9056 ||| Stepping randomly (stuck).
  9057 | Lair:1   | 9057 ||| Stepping randomly (stuck).
  9058 | Lair:1   | 9058 ||| Stepping randomly (stuck).
  9059 | Lair:1   | 9059 ||| Stepping randomly (stuck).
  9060 | Lair:1   | 9060 ||| Stepping randomly (stuck).
  9061 | Lair:1   | 9061 ||| Stepping randomly (stuck).
  9062 | Lair:1   | 9062 ||| Stepping randomly (stuck).
  9063 | Lair:1   | 9063 ||| Stepping randomly (stuck).
  9064 | Lair:1   | 9064 ||| Stepping randomly (stuck).
  9065 | Lair:1   | 9065 ||| Stepping randomly (stuck).
  9066 | Lair:1   | 9066 ||| Stepping randomly (stuck).
  9067 | Lair:1   | 9067 ||| Stepping randomly (stuck).
  9068 | Lair:1   | 9068 ||| Stepping randomly (stuck).
  9069 | Lair:1   | 9069 ||| Stepping randomly (stuck).
  9070 | Lair:1   | 9070 ||| Stepping randomly (stuck).
  9071 | Lair:1   | 9071 ||| Stepping randomly (stuck).
  9072 | Lair:1   | 9072 ||| Stepping randomly (stuck).
  9073 | Lair:1   | 9073 ||| Stepping randomly (stuck).
  9074 | Lair:1   | 9074 ||| Stepping randomly (stuck).
  9075 | Lair:1   | 9075 ||| Stepping randomly (stuck).
  9076 | Lair:1   | 9076 ||| Stepping randomly (stuck).
  9077 | Lair:1   | 9077 ||| Stepping randomly (stuck).
  9078 | Lair:1   | 9078 ||| Stepping randomly (stuck).
  9079 | Lair:1   | 9079 ||| Stepping randomly (stuck).
  9080 | Lair:1   | 9080 ||| Stepping randomly (stuck).
  9081 | Lair:1   | 9081 ||| Stepping randomly (stuck).
  9082 | Lair:1   | 9082 ||| Stepping randomly (stuck).
  9083 | Lair:1   | 9083 ||| Stepping randomly (stuck).
  9084 | Lair:1   | 9084 ||| Stepping randomly (stuck).
  9085 | Lair:1   | 9085 ||| Stepping randomly (stuck).
  9086 | Lair:1   | 9086 ||| Stepping randomly (stuck).
  9087 | Lair:1   | 9087 ||| Stepping randomly (stuck).
  9088 | Lair:1   | 9088 ||| Stepping randomly (stuck).
  9089 | Lair:1   | 9089 ||| Stepping randomly (stuck).
  9090 | Lair:1   | 9090 ||| Stepping randomly (stuck).
  9091 | Lair:1   | 9091 ||| Stepping randomly (stuck).
  9092 | Lair:1   | 9092 ||| Stepping randomly (stuck).
  9093 | Lair:1   | 9093 ||| Stepping randomly (stuck).
  9094 | Lair:1   | 9094 ||| Stepping randomly (stuck).
  9095 | Lair:1   | 9095 ||| Stepping randomly (stuck).
  9096 | Lair:1   | 9096 ||| Stepping randomly (stuck).
  9097 | Lair:1   | 9097 ||| Stepping randomly (stuck).
  9098 | Lair:1   | 9098 ||| Stepping randomly (stuck).
  9099 | Lair:1   | 9099 ||| Stepping randomly (stuck).
  9100 | Lair:1   | 9100 ||| Stepping randomly (stuck).
  9101 | Lair:1   | 9101 ||| Stepping randomly (stuck).
  9102 | Lair:1   | 9102 ||| Stepping randomly (stuck).
  9103 | Lair:1   | 9103 ||| Stepping randomly (stuck).
  9104 | Lair:1   | 9104 ||| Stepping randomly (stuck).
  9105 | Lair:1   | 9105 ||| Stepping randomly (stuck).
  9106 | Lair:1   | 9106 ||| Stepping randomly (stuck).
  9107 | Lair:1   | 9107 ||| Stepping randomly (stuck).
  9108 | Lair:1   | 9108 ||| Stepping randomly (stuck).
  9109 | Lair:1   | 9109 ||| Stepping randomly (stuck).
  9110 | Lair:1   | 9110 ||| Stepping randomly (stuck).
  9111 | Lair:1   | 9111 ||| Stepping randomly (stuck).
  9112 | Lair:1   | 9112 ||| Stepping randomly (stuck).
  9113 | Lair:1   | 9113 ||| Stepping randomly (stuck).
  9114 | Lair:1   | 9114 ||| Stepping randomly (stuck).
  9115 | Lair:1   | 9115 ||| Stepping randomly (stuck).
  9116 | Lair:1   | 9116 ||| Stepping randomly (stuck).
  9117 | Lair:1   | 9117 ||| Stepping randomly (stuck).
  9118 | Lair:1   | 9118 ||| Stepping randomly (stuck).
  9119 | Lair:1   | 9119 ||| Stepping randomly (stuck).
  9120 | Lair:1   | 9120 ||| Stepping randomly (stuck).
  9121 | Lair:1   | 9121 ||| Stepping randomly (stuck).
  9122 | Lair:1   | 9122 ||| Stepping randomly (stuck).
  9123 | Lair:1   | 9123 ||| Stepping randomly (stuck).
  9124 | Lair:1   | 9124 ||| Stepping randomly (stuck).
  9125 | Lair:1   | 9125 ||| Stepping randomly (stuck).
  9126 | Lair:1   | 9126 ||| Stepping randomly (stuck).
  9127 | Lair:1   | 9127 ||| Stepping randomly (stuck).
  9128 | Lair:1   | 9128 ||| Stepping randomly (stuck).
  9129 | Lair:1   | 9129 ||| Stepping randomly (stuck).
  9130 | Lair:1   | 9130 ||| Stepping randomly (stuck).
  9131 | Lair:1   | 9131 ||| Stepping randomly (stuck).
  9132 | Lair:1   | 9132 ||| Stepping randomly (stuck).
  9133 | Lair:1   | 9133 ||| Stepping randomly (stuck).
  9134 | Lair:1   | 9134 ||| Stepping randomly (stuck).
  9135 | Lair:1   | 9135 ||| Stepping randomly (stuck).
  9136 | Lair:1   | 9136 ||| Stepping randomly (stuck).
  9137 | Lair:1   | 9137 ||| Stepping randomly (stuck).
  9138 | Lair:1   | 9138 ||| Stepping randomly (stuck).
  9139 | Lair:1   | 9139 ||| Stepping randomly (stuck).
  9140 | Lair:1   | 9140 ||| Stepping randomly (stuck).
  9141 | Lair:1   | 9141 ||| Stepping randomly (stuck).
  9142 | Lair:1   | 9142 ||| Stepping randomly (stuck).
  9143 | Lair:1   | 9143 ||| Stepping randomly (stuck).
  9144 | Lair:1   | 9144 ||| Stepping randomly (stuck).
  9145 | Lair:1   | 9145 ||| Stepping randomly (stuck).
  9146 | Lair:1   | 9146 ||| Stepping randomly (stuck).
  9147 | Lair:1   | 9147 ||| Stepping randomly (stuck).
  9148 | Lair:1   | 9148 ||| Stepping randomly (stuck).
  9149 | Lair:1   | 9149 ||| Stepping randomly (stuck).
  9150 | Lair:1   | 9150 ||| Stepping randomly (stuck).
  9151 | Lair:1   | 9151 ||| Stepping randomly (stuck).
  9152 | Lair:1   | 9152 ||| Stepping randomly (stuck).
  9153 | Lair:1   | 9153 ||| Stepping randomly (stuck).
  9154 | Lair:1   | 9154 ||| Stepping randomly (stuck).
  9155 | Lair:1   | 9155 ||| Stepping randomly (stuck).
  9156 | Lair:1   | 9156 ||| Stepping randomly (stuck).
  9157 | Lair:1   | 9157 ||| Stepping randomly (stuck).
  9158 | Lair:1   | 9158 ||| Stepping randomly (stuck).
  9159 | Lair:1   | 9159 ||| Stepping randomly (stuck).
  9160 | Lair:1   | 9160 ||| Stepping randomly (stuck).
  9161 | Lair:1   | 9161 ||| Stepping randomly (stuck).
  9162 | Lair:1   | 9162 ||| Stepping randomly (stuck).
  9163 | Lair:1   | 9163 ||| Stepping randomly (stuck).
  9164 | Lair:1   | 9164 ||| Stepping randomly (stuck).
  9165 | Lair:1   | 9165 ||| Stepping randomly (stuck).
  9166 | Lair:1   | 9166 ||| Stepping randomly (stuck).
  9167 | Lair:1   | 9167 ||| Stepping randomly (stuck).
  9168 | Lair:1   | 9168 ||| Stepping randomly (stuck).
  9169 | Lair:1   | 9169 ||| Stepping randomly (stuck).
  9170 | Lair:1   | 9170 ||| Stepping randomly (stuck).
  9171 | Lair:1   | 9171 ||| Stepping randomly (stuck).
  9172 | Lair:1   | 9172 ||| Stepping randomly (stuck).
  9173 | Lair:1   | 9173 ||| Stepping randomly (stuck).
  9174 | Lair:1   | 9174 ||| Stepping randomly (stuck).
  9175 | Lair:1   | 9175 ||| Stepping randomly (stuck).
  9176 | Lair:1   | 9176 ||| Stepping randomly (stuck).
  9177 | Lair:1   | 9177 ||| Stepping randomly (stuck).
  9178 | Lair:1   | 9178 ||| Stepping randomly (stuck).
  9179 | Lair:1   | 9179 ||| Stepping randomly (stuck).
  9180 | Lair:1   | 9180 ||| Stepping randomly (stuck).
  9181 | Lair:1   | 9181 ||| Stepping randomly (stuck).
  9182 | Lair:1   | 9182 ||| Stepping randomly (stuck).
  9183 | Lair:1   | 9183 ||| Stepping randomly (stuck).
  9184 | Lair:1   | 9184 ||| Stepping randomly (stuck).
  9185 | Lair:1   | 9185 ||| Stepping randomly (stuck).
  9186 | Lair:1   | 9186 ||| Stepping randomly (stuck).
  9187 | Lair:1   | 9187 ||| Stepping randomly (stuck).
  9188 | Lair:1   | 9188 ||| Stepping randomly (stuck).
  9189 | Lair:1   | 9189 ||| Stepping randomly (stuck).
  9190 | Lair:1   | 9190 ||| Stepping randomly (stuck).
  9191 | Lair:1   | 9191 ||| Stepping randomly (stuck).
  9192 | Lair:1   | 9192 ||| Stepping randomly (stuck).
  9193 | Lair:1   | 9193 ||| Stepping randomly (stuck).
  9194 | Lair:1   | 9194 ||| Stepping randomly (stuck).
  9195 | Lair:1   | 9195 ||| Stepping randomly (stuck).
  9196 | Lair:1   | 9196 ||| Stepping randomly (stuck).
  9197 | Lair:1   | 9197 ||| Stepping randomly (stuck).
  9198 | Lair:1   | 9198 ||| Stepping randomly (stuck).
  9199 | Lair:1   | 9199 ||| Stepping randomly (stuck).
  9200 | Lair:1   | 9200 ||| Stepping randomly (stuck).
  9201 | Lair:1   | 9201 ||| Stepping randomly (stuck).
  9202 | Lair:1   | 9202 ||| Stepping randomly (stuck).
  9203 | Lair:1   | 9203 ||| Stepping randomly (stuck).
  9204 | Lair:1   | 9204 ||| Stepping randomly (stuck).
  9205 | Lair:1   | 9205 ||| Stepping randomly (stuck).
  9206 | Lair:1   | 9206 ||| Stepping randomly (stuck).
  9207 | Lair:1   | 9207 ||| Stepping randomly (stuck).
  9208 | Lair:1   | 9208 ||| Stepping randomly (stuck).
  9209 | Lair:1   | 9209 ||| Stepping randomly (stuck).
  9210 | Lair:1   | 9210 ||| Stepping randomly (stuck).
  9211 | Lair:1   | 9211 ||| Stepping randomly (stuck).
  9212 | Lair:1   | 9212 ||| Stepping randomly (stuck).
  9213 | Lair:1   | 9213 ||| Stepping randomly (stuck).
  9214 | Lair:1   | 9214 ||| Stepping randomly (stuck).
  9215 | Lair:1   | 9215 ||| Stepping randomly (stuck).
  9216 | Lair:1   | 9216 ||| Stepping randomly (stuck).
  9217 | Lair:1   | 9217 ||| Stepping randomly (stuck).
  9218 | Lair:1   | 9218 ||| Stepping randomly (stuck).
  9219 | Lair:1   | 9219 ||| Stepping randomly (stuck).
  9220 | Lair:1   | 9220 ||| Stepping randomly (stuck).
  9221 | Lair:1   | 9221 ||| Stepping randomly (stuck).
  9222 | Lair:1   | 9222 ||| Stepping randomly (stuck).
  9223 | Lair:1   | 9223 ||| Stepping randomly (stuck).
  9224 | Lair:1   | 9224 ||| Stepping randomly (stuck).
  9225 | Lair:1   | 9225 ||| Stepping randomly (stuck).
  9226 | Lair:1   | 9226 ||| Stepping randomly (stuck).
  9227 | Lair:1   | 9227 ||| Stepping randomly (stuck).
  9228 | Lair:1   | 9228 ||| Stepping randomly (stuck).
  9229 | Lair:1   | 9229 ||| Stepping randomly (stuck).
  9230 | Lair:1   | 9230 ||| Stepping randomly (stuck).
  9231 | Lair:1   | 9231 ||| Stepping randomly (stuck).
  9232 | Lair:1   | 9232 ||| Stepping randomly (stuck).
  9233 | Lair:1   | 9233 ||| Stepping randomly (stuck).
  9234 | Lair:1   | 9234 ||| Stepping randomly (stuck).
  9235 | Lair:1   | 9235 ||| Stepping randomly (stuck).
  9236 | Lair:1   | 9236 ||| Stepping randomly (stuck).
  9237 | Lair:1   | 9237 ||| Stepping randomly (stuck).
  9238 | Lair:1   | 9238 ||| Stepping randomly (stuck).
  9239 | Lair:1   | 9239 ||| Stepping randomly (stuck).
  9240 | Lair:1   | 9240 ||| Stepping randomly (stuck).
  9241 | Lair:1   | 9241 ||| Stepping randomly (stuck).
  9242 | Lair:1   | 9242 ||| Stepping randomly (stuck).
  9243 | Lair:1   | 9243 ||| Stepping randomly (stuck).
  9244 | Lair:1   | 9244 ||| Stepping randomly (stuck).
  9245 | Lair:1   | 9245 ||| Stepping randomly (stuck).
  9246 | Lair:1   | 9246 ||| Stepping randomly (stuck).
  9247 | Lair:1   | 9247 ||| Stepping randomly (stuck).
  9248 | Lair:1   | 9248 ||| Stepping randomly (stuck).
  9249 | Lair:1   | 9249 ||| Stepping randomly (stuck).
  9250 | Lair:1   | 9250 ||| Stepping randomly (stuck).
  9251 | Lair:1   | 9251 ||| Stepping randomly (stuck).
  9252 | Lair:1   | 9252 ||| Stepping randomly (stuck).
  9253 | Lair:1   | 9253 ||| Stepping randomly (stuck).
  9254 | Lair:1   | 9254 ||| Stepping randomly (stuck).
  9255 | Lair:1   | 9255 ||| Stepping randomly (stuck).
  9256 | Lair:1   | 9256 ||| Stepping randomly (stuck).
  9257 | Lair:1   | 9257 ||| Stepping randomly (stuck).
  9258 | Lair:1   | 9258 ||| Stepping randomly (stuck).
  9259 | Lair:1   | 9259 ||| Stepping randomly (stuck).
  9260 | Lair:1   | 9260 ||| Stepping randomly (stuck).
  9261 | Lair:1   | 9261 ||| Stepping randomly (stuck).
  9262 | Lair:1   | 9262 ||| Stepping randomly (stuck).
  9263 | Lair:1   | 9263 ||| Stepping randomly (stuck).
  9264 | Lair:1   | 9264 ||| Stepping randomly (stuck).
  9265 | Lair:1   | 9265 ||| Stepping randomly (stuck).
  9266 | Lair:1   | 9266 ||| Stepping randomly (stuck).
  9267 | Lair:1   | 9267 ||| Stepping randomly (stuck).
  9268 | Lair:1   | 9268 ||| Stepping randomly (stuck).
  9269 | Lair:1   | 9269 ||| Stepping randomly (stuck).
  9270 | Lair:1   | 9270 ||| Stepping randomly (stuck).
  9271 | Lair:1   | 9271 ||| Stepping randomly (stuck).
  9272 | Lair:1   | 9272 ||| Stepping randomly (stuck).
  9273 | Lair:1   | 9273 ||| Stepping randomly (stuck).
  9274 | Lair:1   | 9274 ||| Stepping randomly (stuck).
  9275 | Lair:1   | 9275 ||| Stepping randomly (stuck).
  9276 | Lair:1   | 9276 ||| Stepping randomly (stuck).
  9277 | Lair:1   | 9277 ||| Stepping randomly (stuck).
  9278 | Lair:1   | 9278 ||| Stepping randomly (stuck).
  9279 | Lair:1   | 9279 ||| Stepping randomly (stuck).
  9280 | Lair:1   | 9280 ||| Stepping randomly (stuck).
  9281 | Lair:1   | 9281 ||| Stepping randomly (stuck).
  9282 | Lair:1   | 9282 ||| Stepping randomly (stuck).
  9283 | Lair:1   | 9283 ||| Stepping randomly (stuck).
  9284 | Lair:1   | 9284 ||| Stepping randomly (stuck).
  9285 | Lair:1   | 9285 ||| Stepping randomly (stuck).
  9286 | Lair:1   | 9286 ||| Stepping randomly (stuck).
  9287 | Lair:1   | 9287 ||| Stepping randomly (stuck).
  9288 | Lair:1   | 9288 ||| Stepping randomly (stuck).
  9289 | Lair:1   | 9289 ||| Stepping randomly (stuck).
  9290 | Lair:1   | 9290 ||| Stepping randomly (stuck).
  9291 | Lair:1   | 9291 ||| Stepping randomly (stuck).
  9292 | Lair:1   | 9292 ||| Stepping randomly (stuck).
  9293 | Lair:1   | 9293 ||| Stepping randomly (stuck).
  9294 | Lair:1   | 9294 ||| Stepping randomly (stuck).
  9295 | Lair:1   | 9295 ||| Stepping randomly (stuck).
  9296 | Lair:1   | 9296 ||| Stepping randomly (stuck).
  9297 | Lair:1   | 9297 ||| Stepping randomly (stuck).
  9298 | Lair:1   | 9298 ||| Stepping randomly (stuck).
  9299 | Lair:1   | 9299 ||| Stepping randomly (stuck).
  9300 | Lair:1   | 9300 ||| Stepping randomly (stuck).
  9301 | Lair:1   | 9301 ||| Stepping randomly (stuck).
  9302 | Lair:1   | 9302 ||| Stepping randomly (stuck).
  9303 | Lair:1   | 9303 ||| Stepping randomly (stuck).
  9304 | Lair:1   | 9304 ||| Stepping randomly (stuck).
  9305 | Lair:1   | 9305 ||| Stepping randomly (stuck).
  9306 | Lair:1   | 9306 ||| Stepping randomly (stuck).
  9307 | Lair:1   | 9307 ||| Stepping randomly (stuck).
  9308 | Lair:1   | 9308 ||| Stepping randomly (stuck).
  9309 | Lair:1   | 9309 ||| Stepping randomly (stuck).
  9310 | Lair:1   | 9310 ||| Stepping randomly (stuck).
  9311 | Lair:1   | 9311 ||| Stepping randomly (stuck).
  9312 | Lair:1   | 9312 ||| Stepping randomly (stuck).
  9313 | Lair:1   | 9313 ||| Stepping randomly (stuck).
  9314 | Lair:1   | 9314 ||| Stepping randomly (stuck).
  9315 | Lair:1   | 9315 ||| Stepping randomly (stuck).
  9316 | Lair:1   | 9316 ||| Stepping randomly (stuck).
  9317 | Lair:1   | 9317 ||| Stepping randomly (stuck).
  9318 | Lair:1   | 9318 ||| Stepping randomly (stuck).
  9319 | Lair:1   | 9319 ||| Stepping randomly (stuck).
  9320 | Lair:1   | 9320 ||| Stepping randomly (stuck).
  9321 | Lair:1   | 9321 ||| Stepping randomly (stuck).
  9322 | Lair:1   | 9322 ||| Stepping randomly (stuck).
  9323 | Lair:1   | 9323 ||| Stepping randomly (stuck).
  9324 | Lair:1   | 9324 ||| Stepping randomly (stuck).
  9325 | Lair:1   | 9325 ||| Stepping randomly (stuck).
  9326 | Lair:1   | 9326 ||| Stepping randomly (stuck).
  9327 | Lair:1   | 9327 ||| Stepping randomly (stuck).
  9328 | Lair:1   | 9328 ||| Stepping randomly (stuck).
  9329 | Lair:1   | 9329 ||| Stepping randomly (stuck).
  9330 | Lair:1   | 9330 ||| Stepping randomly (stuck).
  9331 | Lair:1   | 9331 ||| Stepping randomly (stuck).
  9332 | Lair:1   | 9332 ||| Stepping randomly (stuck).
  9333 | Lair:1   | 9333 ||| Stepping randomly (stuck).
  9334 | Lair:1   | 9334 ||| Stepping randomly (stuck).
  9335 | Lair:1   | 9335 ||| Stepping randomly (stuck).
  9336 | Lair:1   | 9336 ||| Stepping randomly (stuck).
  9337 | Lair:1   | 9337 ||| Stepping randomly (stuck).
  9338 | Lair:1   | 9338 ||| Stepping randomly (stuck).
  9339 | Lair:1   | 9339 ||| Stepping randomly (stuck).
  9340 | Lair:1   | 9340 ||| Stepping randomly (stuck).
  9341 | Lair:1   | 9341 ||| Stepping randomly (stuck).
  9342 | Lair:1   | 9342 ||| Stepping randomly (stuck).
  9343 | Lair:1   | 9343 ||| Stepping randomly (stuck).
  9344 | Lair:1   | 9344 ||| Stepping randomly (stuck).
  9345 | Lair:1   | 9345 ||| Stepping randomly (stuck).
  9346 | Lair:1   | 9346 ||| Stepping randomly (stuck).
  9347 | Lair:1   | 9347 ||| Stepping randomly (stuck).
  9348 | Lair:1   | 9348 ||| Stepping randomly (stuck).
  9349 | Lair:1   | 9349 ||| Stepping randomly (stuck).
  9350 | Lair:1   | 9350 ||| Stepping randomly (stuck).
  9351 | Lair:1   | 9351 ||| Stepping randomly (stuck).
  9352 | Lair:1   | 9352 ||| Stepping randomly (stuck).
  9353 | Lair:1   | 9353 ||| Stepping randomly (stuck).
  9354 | Lair:1   | 9354 ||| Stepping randomly (stuck).
  9355 | Lair:1   | 9355 ||| Stepping randomly (stuck).
  9356 | Lair:1   | 9356 ||| Stepping randomly (stuck).
  9357 | Lair:1   | 9357 ||| Stepping randomly (stuck).
  9358 | Lair:1   | 9358 ||| Stepping randomly (stuck).
  9359 | Lair:1   | 9359 ||| Stepping randomly (stuck).
  9360 | Lair:1   | 9360 ||| Stepping randomly (stuck).
  9361 | Lair:1   | 9361 ||| Stepping randomly (stuck).
  9362 | Lair:1   | 9362 ||| Stepping randomly (stuck).
  9363 | Lair:1   | 9363 ||| Stepping randomly (stuck).
  9364 | Lair:1   | 9364 ||| Stepping randomly (stuck).
  9365 | Lair:1   | 9365 ||| Stepping randomly (stuck).
  9366 | Lair:1   | 9366 ||| Stepping randomly (stuck).
  9367 | Lair:1   | 9367 ||| Stepping randomly (stuck).
  9368 | Lair:1   | 9368 ||| Stepping randomly (stuck).
  9369 | Lair:1   | 9369 ||| Stepping randomly (stuck).
  9370 | Lair:1   | 9370 ||| Stepping randomly (stuck).
  9371 | Lair:1   | 9371 ||| Stepping randomly (stuck).
  9372 | Lair:1   | 9372 ||| Stepping randomly (stuck).
  9373 | Lair:1   | 9373 ||| Stepping randomly (stuck).
  9374 | Lair:1   | 9374 ||| Stepping randomly (stuck).
  9375 | Lair:1   | 9375 ||| Stepping randomly (stuck).
  9376 | Lair:1   | 9376 ||| Stepping randomly (stuck).
  9377 | Lair:1   | 9377 ||| Stepping randomly (stuck).
  9378 | Lair:1   | 9378 ||| Stepping randomly (stuck).
  9379 | Lair:1   | 9379 ||| Stepping randomly (stuck).
  9380 | Lair:1   | 9380 ||| Stepping randomly (stuck).
  9381 | Lair:1   | 9381 ||| Stepping randomly (stuck).
  9382 | Lair:1   | 9382 ||| Stepping randomly (stuck).
  9383 | Lair:1   | 9383 ||| Stepping randomly (stuck).
  9384 | Lair:1   | 9384 ||| Stepping randomly (stuck).
  9385 | Lair:1   | 9385 ||| Stepping randomly (stuck).
  9386 | Lair:1   | 9386 ||| Stepping randomly (stuck).
  9387 | Lair:1   | 9387 ||| Stepping randomly (stuck).
  9388 | Lair:1   | 9388 ||| Stepping randomly (stuck).
  9389 | Lair:1   | 9389 ||| Stepping randomly (stuck).
  9390 | Lair:1   | 9390 ||| Stepping randomly (stuck).
  9391 | Lair:1   | 9391 ||| Stepping randomly (stuck).
  9392 | Lair:1   | 9392 ||| Stepping randomly (stuck).
  9393 | Lair:1   | 9393 ||| Stepping randomly (stuck).
  9394 | Lair:1   | 9394 ||| Stepping randomly (stuck).
  9395 | Lair:1   | 9395 ||| Stepping randomly (stuck).
  9396 | Lair:1   | 9396 ||| Stepping randomly (stuck).
  9397 | Lair:1   | 9397 ||| Stepping randomly (stuck).
  9398 | Lair:1   | 9398 ||| Stepping randomly (stuck).
  9399 | Lair:1   | 9399 ||| Stepping randomly (stuck).
  9400 | Lair:1   | 9400 ||| Stepping randomly (stuck).
  9401 | Lair:1   | 9401 ||| Stepping randomly (stuck).
  9402 | Lair:1   | 9402 ||| Stepping randomly (stuck).
  9403 | Lair:1   | 9403 ||| Stepping randomly (stuck).
  9404 | Lair:1   | 9404 ||| Stepping randomly (stuck).
  9405 | Lair:1   | 9405 ||| Stepping randomly (stuck).
  9406 | Lair:1   | 9406 ||| Stepping randomly (stuck).
  9407 | Lair:1   | 9407 ||| Stepping randomly (stuck).
  9408 | Lair:1   | 9408 ||| Stepping randomly (stuck).
  9409 | Lair:1   | 9409 ||| Stepping randomly (stuck).
  9410 | Lair:1   | 9410 ||| Stepping randomly (stuck).
  9411 | Lair:1   | 9411 ||| Stepping randomly (stuck).
  9412 | Lair:1   | 9412 ||| Stepping randomly (stuck).
  9413 | Lair:1   | 9413 ||| Stepping randomly (stuck).
  9414 | Lair:1   | 9414 ||| Stepping randomly (stuck).
  9415 | Lair:1   | 9415 ||| Stepping randomly (stuck).
  9416 | Lair:1   | 9416 ||| Stepping randomly (stuck).
  9417 | Lair:1   | 9417 ||| Stepping randomly (stuck).
  9418 | Lair:1   | 9418 ||| Stepping randomly (stuck).
  9419 | Lair:1   | 9419 ||| Stepping randomly (stuck).
  9420 | Lair:1   | 9420 ||| Stepping randomly (stuck).
  9421 | Lair:1   | 9421 ||| Stepping randomly (stuck).
  9422 | Lair:1   | 9422 ||| Stepping randomly (stuck).
  9423 | Lair:1   | 9423 ||| Stepping randomly (stuck).
  9424 | Lair:1   | 9424 ||| Stepping randomly (stuck).
  9425 | Lair:1   | 9425 ||| Stepping randomly (stuck).
  9426 | Lair:1   | 9426 ||| Stepping randomly (stuck).
  9427 | Lair:1   | 9427 ||| Stepping randomly (stuck).
  9428 | Lair:1   | 9428 ||| Stepping randomly (stuck).
  9429 | Lair:1   | 9429 ||| Stepping randomly (stuck).
  9430 | Lair:1   | 9430 ||| Stepping randomly (stuck).
  9431 | Lair:1   | 9431 ||| Stepping randomly (stuck).
  9432 | Lair:1   | 9432 ||| Stepping randomly (stuck).
  9433 | Lair:1   | 9433 ||| Stepping randomly (stuck).
  9434 | Lair:1   | 9434 ||| Stepping randomly (stuck).
  9435 | Lair:1   | 9435 ||| Stepping randomly (stuck).
  9436 | Lair:1   | 9436 ||| Stepping randomly (stuck).
  9437 | Lair:1   | 9437 ||| Stepping randomly (stuck).
  9438 | Lair:1   | 9438 ||| Stepping randomly (stuck).
  9439 | Lair:1   | 9439 ||| Stepping randomly (stuck).
  9440 | Lair:1   | 9440 ||| Stepping randomly (stuck).
  9441 | Lair:1   | 9441 ||| Stepping randomly (stuck).
  9442 | Lair:1   | 9442 ||| Stepping randomly (stuck).
  9443 | Lair:1   | 9443 ||| Stepping randomly (stuck).
  9444 | Lair:1   | 9444 ||| Stepping randomly (stuck).
  9445 | Lair:1   | 9445 ||| Stepping randomly (stuck).
  9446 | Lair:1   | 9446 ||| Stepping randomly (stuck).
  9447 | Lair:1   | 9447 ||| Stepping randomly (stuck).
  9448 | Lair:1   | 9448 ||| Stepping randomly (stuck).
  9449 | Lair:1   | 9449 ||| Stepping randomly (stuck).
  9450 | Lair:1   | 9450 ||| Stepping randomly (stuck).
  9451 | Lair:1   | 9451 ||| Stepping randomly (stuck).
  9452 | Lair:1   | 9452 ||| Stepping randomly (stuck).
  9453 | Lair:1   | 9453 ||| Stepping randomly (stuck).
  9454 | Lair:1   | 9454 ||| Stepping randomly (stuck).
  9455 | Lair:1   | 9455 ||| Stepping randomly (stuck).
  9456 | Lair:1   | 9456 ||| Stepping randomly (stuck).
  9457 | Lair:1   | 9457 ||| Stepping randomly (stuck).
  9458 | Lair:1   | 9458 ||| Stepping randomly (stuck).
  9459 | Lair:1   | 9459 ||| Stepping randomly (stuck).
  9460 | Lair:1   | 9460 ||| Stepping randomly (stuck).
  9461 | Lair:1   | 9461 ||| Stepping randomly (stuck).
  9462 | Lair:1   | 9462 ||| Stepping randomly (stuck).
  9463 | Lair:1   | 9463 ||| Stepping randomly (stuck).
  9464 | Lair:1   | 9464 ||| Stepping randomly (stuck).
  9465 | Lair:1   | 9465 ||| Stepping randomly (stuck).
  9466 | Lair:1   | 9466 ||| Stepping randomly (stuck).
  9467 | Lair:1   | 9467 ||| Stepping randomly (stuck).
  9468 | Lair:1   | 9468 ||| Stepping randomly (stuck).
  9469 | Lair:1   | 9469 ||| Stepping randomly (stuck).
  9470 | Lair:1   | 9470 ||| Stepping randomly (stuck).
  9471 | Lair:1   | Quit the game

Levels and vault maps discovered:
D:1:      dpeg_arrival_simpleton_c, layout_rooms,
          dreamdust_ecumenical_altar_angels_and_demons,
          nicolae_concentric_dashed_squares_wild, serial_bayou_pond_b,
          kennysheep_doodads
D:2:      layout_basic, basic_altar, chequers_hall_statues_wall_a,
          lemuel_flame_loot_1, uniq_terence
D:3:      layout_loops_ring, trog_butcher_becter, uniq_jessica
D:4:      layout_layer_cave, nicolae_ashenzari_skybound, fedhas_altar_3,
          mainiacjoe_overflow_catwalk_spiral, minmay_mini_ossuary
D:5:      layout_basic, serial_shops, nicolae_shop_advertising_works
          [nicolae_subvault_shop_adworks], minmay_fractal_squares_5,
          uniq_menkaure, uniq_grinder
D:6:      layout_cave_pools, nicolae_qazlal_eye_of_the_storm, uniq_duvessa,
          uniq_crazy_yiuf_cottage, uniq_maggie
D:7:      layout_loops_ring, gammafunk_temple_overflow_forgotten,
          minmay_temple_entry_mini_moons
D:8:      layout_loops_corners, nicolae_ru_awakened_eye, enter_bailey_5,
          special_room [special_room_orc], skrybe_limestone_x, uniq_grum,
          uniq_pikel, uniq_erica
D:9:      layout_irregular_city, grunt_temple_overflow_lords_of_destruction,
          nicolae_wu_jian_wuxing_cycle, okawaru_altar_gauntlet_db,
          lair_entry_dummy, amethyst_killhole
Lair:1:   layout_loops_ring, lemuel_fruit_fields

Skill      XL: |  1  2  3  4  5  6  7  8  9 10 11 |
---------------+----------------------------------+-----
Unarmed Combat | 4 5 6 8 10 12 14 15 | 15.0
Throwing       | 3 5 6 |  6.0
Fighting       | 3 4 5 6 |  6.1
Dodging        | 1 |  1.4
Armour         | 1 |  1.3
Spellcasting   | |  1.0
Fire Magic     | |  2.1

Action                   |  1- 3 |  4- 6 |  7- 9 | 10-12 || total
-------------------------+-------+-------+-------+-------++-------
Melee: Unarmed           |    92 |   108 |   193 |   154 ||   547
       Punch             |       |     1 |     8 |     5 ||    14
Throw: Boomerang         |       |    15 |    13 |     8 ||    36
       Large rock        |       |       |    36 |    28 ||    64
       Javelin           |       |       |       |     4 ||     4
Invok: Fiery Armour      |       |     3 |     5 |     4 ||    12
  Use: Scroll            |     8 |     3 |    11 |     3 ||    25
       Potion            |       |     1 |     2 |     1 ||     4
 Stab: Distracted        |       |       |       |     1 ||     1
Armor: Robe              |    45 |    37 |    40 |       ||   122
       Steam dragon scal |       |       |    35 |    44 ||    79
Dodge: Dodged            |    49 |    49 |    78 |    65 ||   241

Table legend:
 A = Non-vault XP
 B = Vault XP
 C = Vault XP percentage of total XP
 D = Non-vault monster count
 E = Vault monster count
 F = Vault count percentage of total count
                 A         B        C        D         E       F
            +---------+---------+-------+---------+---------+-------
      Total |    9937 |    4515 |  31.2 |     181 |      67 |  27.0
            +---------+---------+-------+---------+---------+-------
        D:1 |      16 |       3 |  15.8 |      12 |       2 |  14.3
        D:2 |      73 |      38 |  34.2 |      23 |       1 |   4.2
        D:3 |     355 |      44 |  11.0 |      29 |       5 |  14.7
        D:4 |     281 |      22 |   7.3 |      12 |       5 |  29.4
        D:5 |     508 |     612 |  54.6 |      10 |       8 |  44.4
        D:6 |     996 |     613 |  38.1 |      24 |       3 |  11.1
        D:7 |     952 |     460 |  32.6 |      25 |       4 |  13.8
        D:8 |    1017 |    2627 |  72.1 |      12 |      32 |  72.7
        D:9 |    3019 |      96 |   3.1 |      23 |       7 |  23.3
     Lair:1 |    2720 |       0 |   0.0 |      11 |       0 |   0.0
            +---------+---------+-------+---------+---------+-------
